 Dungeon Crawl Stone Soup version 0.32-a0-540-g866d13106e (webtiles) character file.

Game seed: 5170691995536504357

3045287 yetimobile the Wishgranter (level 27, 199/199 HPs)
             Began as a Djinni Fire Elementalist on Feb 23, 2024.
             Was the Champion of Jiyva.
             Escaped with the Orb
             ... and 4 runes
             ... and 2 gems on Feb 29, 2024!
             The game lasted 06:20:43 (51342 turns).

yetimobile the Wishgranter (DjFE)                  Turns: 51342, Time: 06:20:43

Health: 199/199    AC: 31    Str: 16    XL:     27
Gold:   5793       EV: 13    Int: 42    God:    Jiyva [******] SH: 21 Dex: 16

rFire   + + +        a - +6 Majin-Bo {spellvamp, MP+6 Int+6}
rCold   + + .        h - +1 kite shield
rNeg    + . .        M - +8 chain mail "Rotsed" {rN+ Stlth+}
rPois   inf          Z - +2 hood of the Assassin {Detect Stab+ Stlth++}
rElec   +            o - +4 dragonskin cloak
rCorr   +            D - +2 pair of gloves "Azuxtiup" {rC++}
SInv    .            (boots unavailable)
Will    +++..        U - amulet "Kozuom" {Reflect Rampage Str+2 Dex+2 SH+5}
Stlth   ++           Y - ring "Udoduirchu" {rElec rF+ Str+2 Int+6}
HPRegen 2.13/turn    C - ring of protection from cold
MPRegen 0.00/turn

%: reflection, rampage
@: flying
A: sickness immunity, fire resistance 2, cold vulnerability 1, float, innate
caster, HP casting, extra vitality 1, horns 1, clever 1, strong-willed 1, strong
1
0: Orb of Zot
}: 4/15 runes: decaying, slimy, silver, gossamer
a: Renounce Religion, Oozemancy, Slimify


You escaped.
You worshipped Jiyva.
Jiyva was exalted by your worship.
You visited 11 branches of the dungeon, and saw 53 of its levels.
You visited the Abyss 3 times.
You also visited: Sewer, Bailey, Gauntlet, Ice Cave, Volcano and Wizlab.

You collected 6107 gold pieces.
You spent 314 gold pieces at shops.

Inventory:

Hand Weapons
 a - the +6 Majin-Bo (weapon) {spellvamp, MP+6 Int+6}
   (You found it on level 5 of the Pits of Slime)

   Int+6:     It affects your intelligence (+6).
   MP+6:      It affects your magic capacity (+6).
 s - a +4 longbow of electrocution
 G - a +9 lajatang of electrocution
Missiles
 N - 11 silver javelins
Armour
 h - a +1 kite shield (worn)
 l - a scarf of invisibility
 o - the +4 dragonskin cloak (worn)
   (You took it off Tiamat on level 2 of the Realm of Zot)

   Avatar's Aegis: It grants the wearer a chance to resist fire, cold, poison,
   electricity, acid, and negative energy.
 D - the +2 pair of gloves "Azuxtiup" (worn) {rC++}
   (You found it in a Gauntlet)

   rC++:      It greatly protects you from cold.
 M - the +8 chain mail "Rotsed" (worn) {rN+ Stlth+}
   (You acquired it on level 4 of the Lair of Beasts)

   rN+:       It protects you from negative energy.
   Stlth+:    It makes you more stealthy.
 Z - the +2 hood of the Assassin (worn) {Detect Stab+ Stlth++}
   (You found it on level 3 of the Elven Halls)

   Detect:    It allows the wearer to sense nearby creatures.
   Stab+:     It allows the wearer to make particularly effective stabbing
   attacks against helpless or unaware enemies with any weapon.
   Stlth++:   It makes you much more stealthy.
Magical Staves
 f - a staff of earth
 z - a staff of death
 V - a staff of air
Jewellery
 b - the ring of Veubocirph {rElec rF+ Will- SInv}
   (You found it on level 4 of the Dungeon)

   [ring of see invisible]

   rF+:       It protects you from fire.
   rElec:     It insulates you from electricity.
   Will-:     It decreases your willpower.
   SInv:      It lets you see invisible.
 C - a ring of protection from cold (right hand)
 F - a ring of fire
 U - the amulet "Kozuom" (around neck) {Reflect Rampage Str+2 Dex+2 SH+5}
   (You found it on level 5 of the Pits of Slime)

   [amulet of reflection]

   Reflect:   It reflects blocked missile attacks.
   Str+2:     It affects your strength (+2).
   Dex+2:     It affects your dexterity (+2).
   SH+5:      It affects your SH (+5).
   Rampage:   It bestows one free step when moving towards enemies.
 X - the ring "Byppoff" {rF+ Int+5}
   (You acquired it on level 1 of the Vaults)

   [ring of protection from fire]

   Int+5:     It affects your intelligence (+5).
   rF+:       It protects you from fire.
 Y - the ring "Udoduirchu" (left hand) {rElec rF+ Str+2 Int+6}
   (You took it off an ironbound convoker on level 5 of the Vaults)

   [ring of intelligence]

   Str+2:     It affects your strength (+2).
   Int+6:     It affects your intelligence (+6).
   rF+:       It protects you from fire.
   rElec:     It insulates you from electricity.
Talismans
 L - a serpent talisman
Wands
 c - a wand of mindburst (32)
 k - a wand of iceblast (27)
 v - a wand of flame (70)
 x - a wand of digging (15)
 A - a wand of charming (37)
 O - a wand of polymorph (18)
 W - a wand of acid (13)
Scrolls
 d - 4 scrolls of enchant armour
 g - 2 scrolls of revelation
 m - 6 scrolls of brand weapon
 w - 3 scrolls of vulnerability {!r}
 B - 4 scrolls of poison
 E - 2 scrolls of fear
 I - 2 scrolls of blinking
 J - a scroll of silence
 K - 3 scrolls of fog
 S - 3 scrolls of teleportation
Potions
 e - 9 potions of curing
 i - 4 potions of attraction {!q}
 j - 2 potions of ambrosia
 p - 2 potions of haste
 q - a potion of cancellation
 r - 3 potions of heal wounds
 t - a potion of resistance
 H - 4 potions of might
 P - 6 potions of brilliance
 Q - 4 potions of enlightenment
 R - 2 potions of invisibility
Miscellaneous
 n - a phial of floods
 y - a phantom mirror
 T - a condenser vane


   Skills:
 + Level 18.1 Fighting
 - Level 12.0 Staves
 - Level 12.8 Throwing
 - Level 11.1 Armour
 - Level 13.4 Dodging
 - Level 7.9 Stealth
 + Level 19.6 Shields
 O Level 27 Spellcasting
 O Level 27 Conjurations
 O Level 27 Hexes
 O Level 27 Summonings
 O Level 27 Necromancy
 O Level 27 Translocations
 O Level 27 Fire Magic
 O Level 27 Ice Magic
 O Level 27 Air Magic
 O Level 27 Earth Magic
 O Level 27 Alchemy
 - Level 8.3 Evocations


You knew the following spells:

 Your Spells              Type           Power      Damage    Failure   Level
a - Necrotise             Necr           100%       1d9       0%          1
b - Summon Ice Beast      Ice/Summ       100%       N/A       0%          3
c - Arcjolt               Conj/Air       68%        1d78      0%          5
d - Animate Dead          Necr           100%       N/A       0%          4
e - Dispersal             Tloc           68%        N/A       0%          6
f - Foxfire               Conj/Fire      100%       2x1d9     0%          1
g - Summon Cactus Giant   Summ           68%        N/A       0%          6
h - Summon Hydra          Summ           68%        N/A       1%          7
i - Alistair's Intoxicat  Alch           90%        N/A       0%          5
j - Infestation           Necr           68%        N/A       1%          8
l - Dragon's Call         Summ           68%        N/A       4%          9
m - Malign Gateway        Summ/Tloc      68%        N/A       1%          7
r - Inner Flame           Hex/Fire       100%       N/A       0%          3
s - Scorch                Fire           100%       2d9       0%          2
t - Haunt                 Necr/Summ      68%        N/A       1%          7
X - Mercury Vapours       Alch/Air       100%       N/A       0%          2
Y - Volatile Blastmotes   Fire/Tloc      100%       2d18      0%          3
Z - Flame Wave            Conj/Fire      100%       2d21      0%          4
Your spell library was empty.

Dungeon Overview and Level Annotations

Branches:
Dungeon (15/15)            Temple (1/1) D:6            Lair (5/5) D:9
  Swamp (4/4) Lair:2       Spider (4/4) Lair:3        Slime (5/5) Lair:4
    Orc (2/2) D:12            Elf (3/3) Orc:2        Vaults (5/5) D:13
  Crypt (0/3) Vaults:2     Depths (4/4) D:15            Zot (5/5) Depths:4
  Sewer (visited)          Bailey (visited)           IceCv (visited)
Volcano (visited)          WizLab (visited)         Gauntlet (visited)

Altars:
Ashenzari
Cheibriados
Dithmenos
Elyvilon
Fedhas
Gozag
Hepliaklqana
Makhleb
Nemelex Xobeh
Okawaru
Qazlal
Ru
Trog
Uskayaw
Wu Jian
Xom
Yredelemnul
Zin
The Shining One
Beogh
Jiyva

Shops:
D:8 *   Orc:2 ?:?:   Elf:1 :?(   Elf:3 *   Depths:1 *

Portals:
Hell: Depths:1 Depths:2 Depths:3 Depths:4
Abyss: D:6 Depths:2 Depths:3
Pandemonium: Depths:2 Depths:3
Ziggurat: Depths:2

Annotations:
D:6 2 transporters, jestert79's ghost, novice CoFi
D:7 3 runed translucent doors
Lair:5 exclusion: obsidian statue
Slime:5 Royal Jelly
Elf:2 3 runed translucent doors, exclusion: 3 doors
Depths:1 exclusion: downstairs
Depths:2 exclusion: orange crystal statue
Depths:3 3 runed translucent doors, exclusion: 3 doors, Ciogh's ghost, veteran GnWn; Cofabior's ghost, veteran GnWn
Zot:1 exclusion: 2 downstairs
Zot:4 2 transporters, Kinwaexu's ghost, veteran OnBe


Innate Abilities, Weirdness & Mutations

You are immune to sickness and miasma.
You are immune to poison.
Your flesh is very heat resistant. (rF++)
You are vulnerable to cold. (rC-)
You float through the air rather than walking.
You learn spells naturally, not from books.
Your magical power is your life essence.
You have superior vitality. (+4 MHP)
You have a pair of small horns on your head.
Your mind is acute. (Int +4, Str/Dex -1)
You are strong-willed. (Will+)
Your muscles are strong. (Str +4, Int/Dex -1)


Message History

You feel extremely strange.
The jelly growth is reabsorbed into your body.
You feel slightly disoriented.
You feel stronger.
Unknown command.
Okay, then.
Unknown command.
Unknown command.
You feel extremely strange.
You feel weaker.
You feel stupid.
Your body becomes less malleable.
You no longer feel a hidden potential within.
A pair of antennae grows on your head! Fur sprouts all over your body.
You feel extremely strange.
You feel less vulnerable to cold.
You shed all your fur.
Your teeth lengthen and sharpen.
You feel extremely strange.
You feel clumsy. x2; You feel less heat resistant.
You feel clever.
You feel stupid.
You feel clever.
You feel extremely strange. The antennae on your head shrink away.
Your iridescent scales recede somewhat.
You feel stupid.
Iridescent scales spread over more of your body.
You feel extremely strange.
Your iridescent scales recede somewhat.
The eyeballs on your body recede somewhat.
Your teeth shrink to normal size.
Fur sprouts all over your body.
You feel strong-willed.
You feel extremely strange. The eyeballs on your body disappear.
You feel slightly disoriented.
Your iridescent scales disappear.
A pair of horns grows on your head!
You feel clever.
You feel extremely strange.
Your body returns to its normal consistency.
You no longer feel strong-willed.
You feel stupid.
You feel strong-willed.
You feel extremely strange.
Your magical essence no longer links to wands of the dungeon.
You shed all your fur.
You feel stronger.
You feel clever.
No previous command to re-do.
No previous command to re-do.
No previous command to re-do.
You have escaped!

#.###...###.#
#.#.......#.#
#.#.-.#.-.#.#
#.....#.....#
#....###....#
####..#..####
#..'.....'..#
#..###'###..#
#R.#.....#..#
#############


There were no monsters in sight!

Vanquished Creatures
  Frederick (Depths:4)
  An ancient lich (Vaults:5)
  A Killer Klown (Zot:5)
  A caustic shrike (Depths:1)
  A golden dragon (Depths:4)
  An electric golem (Zot:5)
  A hellephant (Abyss:3)
  13 Orb Guardians
  3 tentacled monstrosities
  Rupert (D:14)
  A lich (Vaults:5)
  3 deep elf master archers (Elf:3)
  3 sphinxes
  2 eldritch tentacles
  4 shadow dragons
  Agnes (Spider:4)
  4 tentacled starspawn
  4 tengu reavers
  A thorn hunter (Swamp:4)
  A revenant (Abyss:4)
  3 nagarajas (WizLab)
  A protean progenitor (Zot:1)
  2 draconian knights
  2 draconian monks
  2 frost giants (Depths:1)
  Louise (D:14)
  10 emperor scorpions
  A deep elf elementalist (Elf:3)
  3 fire giants
  14 vault wardens
  An iron dragon (Depths:1)
  A caustic shrike zombie (Depths:2)
  4 draconian shifters
  4 ghost moths
  3 orc warlords
  13 ironbound preservers
  4 deep elf sorcerers
  A demonspawn blood saint (D:4)
  2 draconian annihilators
  5 ironbound thunderhulks
  A reaper (IceCv)
  A spriggan defender (Vaults:1)
  3 stone giants
  A cacodemon (Abyss:3)
  4 broodmothers (Spider:4)
  4 demonspawn corrupters (WizLab)
  8 deep elf death magi
  3 green draconians
  3 vampire knights
  12 very ugly things
  6 black draconians
  25 dire elephants
  A war gargoyle (Vaults:5)
  9 spark wasps
  2 deep elf demonologists
  4 red draconians
  A yellow draconian (Zot:3)
  A bunyip (Swamp:1)
  A purple draconian (Zot:1)
  2 deep elf annihilators
  2 white draconians
  A minotaur (Gauntlet)
  A blizzard demon (D:4)
  11 ettins
  3 fire dragons (Depths:3)
  18 yaktaur captains
  6 deep elf high priests
  7 nameless horrors
  2 rakshasas
  5 entropy weavers
  9 hydras
  2 spriggan air magi
  31 vault guards
  5 ice dragons
  2 ghost crabs
  2 radroaches
  4 alligators
  A catoblepas (D:14)
  9 centaur warriors
  8 boulder beetles
  An anaconda (WizLab)
  3 dancing weapons
  2 deep troll shamans
  3 ironbound frosthearts
  3 merfolk aquamancers (WizLab)
  A death knight (D:15)
  A deep troll earth mage (Depths:2)
  4 two-headed ogres
  5 death yaks (Lair:5)
  3 tengu warriors
  Urug (Orc:1)
  4 demonic crawlers (Spider:4)
  3 thrashing horrors (Abyss:3)
  12 deep elf knights
  4 occultists
  2 sun demons
  An emperor scorpion zombie (Spider:4)
  4 hell knights
  2 soul eaters
  4 pharaoh ants
  2 spark wasp zombies
  2 iron trolls
  A shadow wraith (Abyss:4)
  15 skeletal warriors
  4 wretched stars
  2 skysharks (Lair:5)
  A spectral anaconda (Lair:5)
  6 spriggan zombies
  4 sixfirhies
  7 arcanists
  7 orb spiders
  3 bog bodies (Swamp:1)
  4 spriggan druids
  3 spatial maelstroms (Abyss:4)
  6 swamp dragons
  47 deep trolls
  A ghost moth zombie (Spider:4)
  2 spriggan riders (Swamp:2)
  A shadow demon (Abyss:3)
  6 phantasmal warriors
  14 deep elf archers
  A sun moth (Spider:4)
  9 lindwurms
  3 wolf spider zombies
  3 harpies (Vaults:2)
  13 ironbound convokers
  A golden dragon skeleton (Depths:2)
  2 stone giant zombies
  27 deep elf pyromancers
  21 deep elf zephyrmancers
  A fenstrider witch simulacrum (Abyss:3)
  A fire giant zombie (Depths:2)
  14 ugly things
  6 orc knights
  3 orc sorcerers
  An iron dragon zombie (Depths:1)
  7 steelbarb worms
  13 necromancers
  4 cyclopes
  2 will-o-the-wisps (Swamp:1)
  15 wolf spiders
  12 vault sentinels
  A manticore (D:12)
  2 kobold blastminers (Orc:2)
  A meliai (Spider:4)
  An alligator skeleton (Volcano)
  5 worldbinders (WizLab)
  A fire giant skeleton (Vaults:4)
  6 moths of wrath
  3 gargoyles (Volcano)
  3 black mambas
  2 ice statues (IceCv)
  2 apocalypse crabs
  14 elephants
  2 smoke demons
  7 cane toads
  8 large abominations
  A naga mage (Depths:1)
  3 torpor snails
  An unseen horror (Depths:2)
  3 hellions
  4 redback zombies
  45 yaktaurs
  3 rime drakes
  4 tengu conjurers
  An efreet (D:15)
  2 tormentors
  4 ancient zymes
  Jeremiah (D:6)
  8 ice devils
  4 kobold demonologists
  A death yak zombie (Lair:5)
  A freezing wraith (Vaults:5)
  2 hydra zombies (Swamp:4)
  3 human zombies
  7 komodo dragons
  2 anaconda simulacra (IceCv)
  A troll (shapeshifter) (D:14)
  2 bloated husks (Swamp:1)
  A queen bee (shapeshifter) (Abyss:3)
  2 trolls
  11 tyrant leeches
  A polar bear (shapeshifter) (Abyss:3)
  15 tarantellas
  10 hornets
  2 jumping spider zombies
  A tarantella zombie (Spider:4)
  Grinder (D:5)
  A culicivora zombie (Spider:4)
  2 deep troll zombies (Depths:2)
  A harpy skeleton (Volcano)
  A radroach zombie (Spider:4)
  11 raiju
  4 blink frogs (Lair:5)
  2 spectral elephants (Lair:5)
  A frost giant simulacrum (Depths:1)
  25 jumping spiders
  Sigmund (D:3)
  An air elemental (Elf:1)
  7 spriggans
  11 culicivoras
  6 wyverns
  7 water elementals
  26 yaks
  2 shadows (D:10)
  3 wraiths
  2 ynoxinuls
  2 dire elephant simulacra
  4 wargs
  5 basilisks
  2 fire elementals
  5 vampire mosquitoes
  2 neqoxecs
  A yak (shapeshifter) (Abyss:3)
  39 redbacks
  2 chaos spawn
  5 spatial vortices (Abyss:4)
  2 death yak simulacra
  3 spectral cane toads (Lair:5)
  11 swamp worms
  A tengu zombie (Depths:3)
  2 hell hounds (Gauntlet)
  2 ogre skeletons (Vaults:4)
  5 water moccasins
  3 elf zombies (D:12)
  44 orc warriors
  3 swamp drakes (Swamp:4)
  A black bear (D:6)
  An ice beast (D:5)
  3 laughing skulls
  An elephant zombie (Lair:5)
  2 hornet zombies (Depths:2)
  6 ogres
  15 small abominations
  11 centaurs
  2 boggarts (D:15)
  9 wolves
  5 starcursed masses (Abyss:3)
  A phantom (D:4)
  An elephant skeleton (Lair:5)
  2 kobold brigands
  Blork the orc (D:5)
  7 weeping skulls
  A komodo dragon zombie (Lair:2)
  6 bullfrogs
  An earth elemental (Elf:3)
  2 two-headed ogre simulacra (IceCv)
  A scorpion (D:4)
  A cane toad simulacrum (IceCv)
  A water moccasin zombie (Lair:5)
  17 wights
  2 elephant simulacra
  A yak zombie (Lair:5)
  12 killer bees
  4 spriggan skeletons
  A troll skeleton (Volcano)
  2 wolf zombies (Lair:2)
  5 howler monkeys
  2 hounds
  4 quasits (Abyss:3)
  Crazy Yiuf (D:3)
  7 jellies
  17 orc priests
  An iron imp (Abyss:3)
  3 sleepcaps
  17 orc wizards
  2 iguanas
  3 troll simulacra (IceCv)
  2 polar bear simulacra (IceCv)
  A wolf simulacrum (IceCv)
  An ogre zombie (D:5)
  2 naga skeletons (Volcano)
  7 gnolls
  3 orc zombies
  A swamp drake zombie (Swamp:4)
  7 adders
  2 naga simulacra (IceCv)
  4 river rats
  A shadow imp (D:8)
  4 white imps
  4 ufetubi
  An iguana zombie (D:6)
  4 dart slugs
  A ribbon worm (D:2)
  64 orcs
  9 ball pythons
  A bat (D:1)
  13 endoplasms
  5 giant cockroaches
  14 goblins
  10 hobgoblins
  14 jackals
  25 kobolds
  5 quokkas
  A bombardier beetle zombie (D:6)
  9 frilled lizards
  14 rats
  An aspiring flesh (Zot:1)
  2 lurking horrors (Abyss:3)
  2 starspawn tentacles (Abyss:3)
  A tentacle (Swamp:3)
1585 creatures vanquished.

Vanquished Creatures (collateral kills)
  Tiamat (Zot:2)
  A dread lich (Zot:5)
  An ancient lich (Zot:5)
  9 orbs of fire
  3 juggernauts
  Josephina (Depths:4)
  5 Killer Klowns (Zot:5)
  2 caustic shrikes
  2 curse toes
  16 golden dragons
  the Enchantress (Depths:2)
  Jory (Vaults:5)
  2 electric golems
  11 tentacled monstrosities
  A walking crystal tome (Depths:1)
  Jorgrun (Spider:1)
  5 liches
  A deep elf master archer (Elf:3)
  14 Orb Guardians (Zot:5)
  8 quicksilver dragons
  A kraken (Swamp:3)
  A death cob (Zot:3)
  5 titans
  3 sphinxes
  2 walking frostbound tomes (Depths:1)
  2 deep elf blademasters (Elf:3)
  2 ancient champions
  An Executioner (Zot:5)
  7 tengu reavers
  4 eldritch tentacles
  2 thorn hunters (Swamp:4)
  12 storm dragons
  4 shadow dragons
  2 nagarajas (Depths:1)
  7 protean progenitors
  A daeva (Depths:2)
  7 draconian monks
  11 frost giants
  3 deep elf sorcerers (Elf:3)
  7 draconian knights
  15 fire giants
  5 draconian shifters
  6 vault wardens (Vaults:5)
  4 draconian scorchers
  4 iron dragons
  2 emperor scorpions (Spider:1)
  2 deep elf elementalists (Elf:3)
  9 draconian stormcallers
  4 spriggan defenders
  3 draconian annihilators
  An angel (Depths:2)
  16 stone giants
  2 broodmothers
  2 quicksilver oozes (Zot:3)
  2 ironbound preservers (Vaults:5)
  An ironbound thunderhulk (Vaults:5)
  3 eleionomae
  5 vampire knights
  An elemental wellspring (Depths:2)
  8 very ugly things
  3 deep elf demonologists
  9 red draconians
  10 green draconians
  12 black draconians
  9 spark wasps
  A deep elf death mage (Elf:2)
  13 yellow draconians
  3 deep elf annihilators
  2 war gargoyles (Vaults:5)
  3 white draconians
  3 bunyips
  11 purple draconians
  9 fire dragons
  9 ettins
  3 merfolk impalers (Depths:2)
  A crystal guardian (Vaults:4)
  2 nameless horrors
  3 jiangshi (Depths:2)
  3 deep elf high priests (Elf:3)
  A peacekeeper (Vaults:4)
  5 rakshasas (Depths:1)
  4 vault guards (Vaults:5)
  2 yaktaur captains (Vaults:5)
  3 entropy weavers (Spider:1)
  8 ice dragons
  An ironbound frostheart (Vaults:5)
  5 alligators
  4 spriggan air magi
  11 hydras
  2 radroaches (Zot:3)
  2 boulder beetles (Zot:2)
  16 dancing weapons
  A death yak (Lair:5)
  4 deep troll shamans
  2 vampire magi
  3 spriggan berserkers
  5 deep troll earth magi
  A satyr (Zot:1)
  2 tengu warriors (Depths:2)
  An occultist (Depths:2)
  3 hell knights (Depths:2)
  11 deep elf knights
  A skeletal warrior (D:14)
  2 goliath frogs
  11 iron trolls
  A naga ritualist (Depths:1)
  3 spriggan druids
  2 sun moths
  8 deep trolls
  3 bog bodies
  A spriggan rider (Depths:2)
  6 deep elf archers
  3 ironbound convokers (Vaults:5)
  2 swamp dragons (Swamp:4)
  2 phantasmal warriors
  An obsidian statue (Zot:5)
  6 deep elf pyromancers
  A necromancer (Depths:1)
  A steelbarb worm (Spider:3)
  A spriggan simulacrum (Depths:4)
  11 deep elf zephyrmancers
  6 wolf spiders
  2 frost giant zombies
  7 ugly things
  2 will-o-the-wisps (Swamp:1)
  22 moths of wrath
  7 elephants
  4 vault sentinels (Vaults:5)
  3 large abominations
  2 cane toads (Lair:2)
  A rime drake (shapeshifter) (Elf:2)
  An unseen horror (Depths:2)
  3 tengu conjurers
  A yaktaur (shapeshifter) (Elf:3)
  2 rime drakes
  3 komodo dragons (Lair:1)
  5 yaktaurs
  An efreet (D:13)
  A polar bear (Lair:3)
  7 tarantellas
  Prince Ribbit (D:5)
  3 tyrant leeches (Swamp:4)
  4 hornets
  3 jumping spiders
  An air elemental (Elf:2)
  2 water elementals
  3 small abominations (Depths:2)
  9 spriggans
  5 culicivoras
  A fire elemental (Elf:2)
  7 yaks
  A death yak simulacrum (Lair:5)
  A wraith (Vaults:2)
  A neqoxec (Abyss:3)
  16 redbacks
  A chaos spawn (Depths:2)
  7 swamp worms
  2 water moccasins (Lair:5)
  5 swamp drakes (Swamp:4)
  A black bear (D:5)
  6 wolves
  A bullfrog (Lair:3)
  A bombardier beetle (D:6)
  A howler monkey (D:8)
  A hound (D:5)
  5 gnolls (D:5)
  3 orcs
  3 tentacles (Swamp:3)
712 creatures vanquished.

Vanquished Creatures (others)
  A tentacled monstrosity (Zot:2)
  A death cob (Zot:2)
  74 eldritch tentacles
  A fire giant (Depths:3)
  A draconian scorcher (Zot:4)
  A vault warden (Vaults:5)
  2 formless jellyfish
  2 white draconians (Zot:2)
  A yellow draconian (Zot:2)
  A black draconian (Zot:4)
  A purple draconian (Zot:3)
  7 very ugly thing zombies
  7 great orbs of eyes
  A sphinx zombie (Depths:2)
  A centaur warrior (D:13)
  An ogre mage (Abyss:5)
  An ironbound frostheart (Vaults:3)
  An anaconda (shapeshifter) (Vaults:5)
  A vampire mage (Depths:1)
  A tengu warrior (Depths:1)
  A spriggan berserker (Depths:2)
  4 storm dragon zombies
  6 glowing orange brains
  3 golden dragon zombies
  6 spark wasp zombies
  A sixfirhy (Abyss:3)
  A deep troll (shapeshifter) (Vaults:5)
  A deep troll (Depths:2)
  An orb spider (shapeshifter) (Vaults:5)
  A quicksilver dragon simulacrum (Depths:4)
  A spriggan simulacrum (Depths:4)
  An ironbound convoker (Vaults:3)
  A mana viper (shapeshifter) (Vaults:5)
  A lindwurm (Vaults:3)
  6 ugly thing zombies
  2 iron dragon zombies (Depths:1)
  2 wolf spider zombies
  An orc knight (Vaults:2)
  A sphinx simulacrum (Depths:4)
  A faun (shapeshifter) (Vaults:5)
  2 deep elf pyromancers
  3 frost giant zombies
  6 fire giant zombies
  An alligator zombie (Swamp:3)
  3 stone giant zombies (Depths:1)
  2 ugly things
  A cyclops (D:13)
  A dwarf zombie (Spider:1)
  2 vault sentinels
  2 eyes of devastation (shapeshifter) (Vaults:5)
  A storm dragon simulacrum (Depths:4)
  A swamp worm zombie (Swamp:3)
  A death yak zombie (Lair:5)
  A yellow draconian zombie (Depths:4)
  2 iron troll zombies (Depths:2)
  5 yaktaurs
  15 redback zombies
  5 hydra zombies (Swamp:4)
  2 bloated husks (Swamp:1)
  A merfolk (shapeshifter) (Vaults:5)
  A troll (shapeshifter) (Vaults:5)
  2 tarantellas (shapeshifter)
  A demonic crawler zombie (Spider:4)
  5 tarantella zombies
  6 ettin zombies
  5 jumping spider zombies
  7 glass eyes
  9 deep troll zombies
  5 ice dragon zombies
  A culicivora zombie (Spider:1)
  2 merfolk zombies (Depths:2)
  7 fire dragon zombies
  A shadow (D:10)
  25 slime creatures
  A slime creature (shapeshifter) (Vaults:5)
  3 fire bats (Abyss:5)
  19 spriggan zombies
  2 yaks (Lair:4)
  A wyvern (Lair:5)
  A fire elemental (Elf:1)
  2 tyrant leech zombies (Swamp:4)
  A redback (Vaults:4)
  4 chaos spawn (Abyss:5)
  7 human zombies
  A two-headed ogre zombie (D:10)
  3 entropy weaver zombies (Spider:1)
  An orc warrior (Orc:2)
  6 hornet zombies
  A manticore zombie (D:12)
  3 elf zombies
  2 ogres
  2 swamp dragon zombies (Swamp:4)
  A wolf (Gauntlet)
  8 centaurs
  5 boggarts
  A torpor snail zombie (Spider:1)
  A kobold brigand (D:10)
  A naga zombie (Depths:1)
  A bullfrog (Lair:1)
  A komodo dragon zombie (Lair:1)
  A scorpion (Lair:1)
  A wight (D:9)
  4 tengu zombies
  3 killer bees (D:10)
  A troll zombie (D:12)
  261 jellies
  2 yak zombies (D:9)
  12 wolf zombies
  2 bullfrog zombies
  An orc priest (Orc:1)
  2 orc wizards
  2 killer bee zombies (D:8)
  A hound zombie (D:6)
  5 swamp drake zombies (Swamp:4)
  A white imp (IceCv)
  An ufetubus (Abyss:3)
  10 orc zombies
  9 orcs
  2 kobolds (D:11)
  502 foxfires
  8 starspawn tentacles
  4 tentacles (Swamp:3)
1197 creatures vanquished.

Grand Total: 3494 creatures vanquished

Notes
Turn   | Place    | Note
-------+----------+-------------------------------------------
     0 | D:1      | yetimobile the Djinni Fire Elementalist began the quest for
                  | the Orb.
     0 | D:1      | yetimobile set off with the following spells memorised:
                  | Foxfire, Scorch, Volatile Blastmotes, Inner Flame, Flame
                  | Wave.
     0 | D:1      | Reached XP level 1. HP: 15/15 MP: 0/0
    45 | D:1      | Reached XP level 2. HP: 16/21 MP: 0/0
   193 | D:1      | Reached XP level 3. HP: 24/25 MP: 0/0
   193 | D:1      | Learned a level 1 spell: Necrotise
   634 | D:2      | Reached skill level 4 in Spellcasting
   634 | D:2      | Reached skill level 4 in Conjurations
   634 | D:2      | Reached skill level 4 in Hexes
   634 | D:2      | Reached skill level 4 in Summonings
   634 | D:2      | Reached skill level 4 in Necromancy
   634 | D:2      | Reached skill level 4 in Translocations
   634 | D:2      | Reached skill level 4 in Fire Magic
   634 | D:2      | Reached skill level 4 in Ice Magic
   634 | D:2      | Reached skill level 4 in Air Magic
   634 | D:2      | Reached skill level 4 in Earth Magic
   634 | D:2      | Reached skill level 4 in Alchemy
   696 | D:2      | Found a shimmering altar of Xom.
   804 | D:2      | Reached XP level 4. HP: 26/31 MP: 0/0
  1383 | D:3      | Noticed an ogre
  1388 | D:3      | Killed an ogre
  1389 | D:3      | Reached skill level 5 in Spellcasting
  1389 | D:3      | Reached skill level 5 in Conjurations
  1389 | D:3      | Reached skill level 5 in Hexes
  1389 | D:3      | Reached skill level 5 in Summonings
  1389 | D:3      | Reached skill level 5 in Necromancy
  1389 | D:3      | Reached skill level 5 in Translocations
  1389 | D:3      | Reached skill level 5 in Fire Magic
  1389 | D:3      | Reached skill level 5 in Ice Magic
  1389 | D:3      | Reached skill level 5 in Air Magic
  1389 | D:3      | Reached skill level 5 in Earth Magic
  1389 | D:3      | Reached skill level 5 in Alchemy
  1389 | D:3      | Reached XP level 5. HP: 31/35 MP: 0/0
  1389 | D:3      | Learned a level 2 spell: Mercury Vapours
  1481 | D:3      | Reached XP level 6. HP: 35/40 MP: 0/0
  2103 | D:3      | Noticed Sigmund
  2108 | D:3      | Killed Sigmund
  2109 | D:3      | Reached skill level 6 in Spellcasting
  2109 | D:3      | Reached skill level 6 in Conjurations
  2109 | D:3      | Reached skill level 6 in Hexes
  2109 | D:3      | Reached skill level 6 in Summonings
  2109 | D:3      | Reached skill level 6 in Necromancy
  2109 | D:3      | Reached skill level 6 in Translocations
  2109 | D:3      | Reached skill level 6 in Fire Magic
  2109 | D:3      | Reached skill level 6 in Ice Magic
  2109 | D:3      | Reached skill level 6 in Air Magic
  2109 | D:3      | Reached skill level 6 in Earth Magic
  2109 | D:3      | Reached skill level 6 in Alchemy
  2109 | D:3      | Reached XP level 7. HP: 34/45 MP: 0/0
  2109 | D:3      | Learned a level 3 spell: Summon Ice Beast
  2269 | D:3      | Found a runed translucent door.
  2270 | D:3      | Noticed Crazy Yiuf
  2396 | D:3      | Killed Crazy Yiuf
  2833 | D:4      | Identified the ring of Veubocirph {rElec rF+ Will- SInv}
  2895 | D:4      | Found a glowing drain.
  2899 | Sewer    | Entered a sewer
  3024 | Sewer    | Reached skill level 7 in Spellcasting
  3024 | Sewer    | Reached skill level 7 in Conjurations
  3024 | Sewer    | Reached skill level 7 in Hexes
  3024 | Sewer    | Reached skill level 7 in Summonings
  3024 | Sewer    | Reached skill level 7 in Necromancy
  3024 | Sewer    | Reached skill level 7 in Translocations
  3024 | Sewer    | Reached skill level 7 in Fire Magic
  3024 | Sewer    | Reached skill level 7 in Ice Magic
  3024 | Sewer    | Reached skill level 7 in Air Magic
  3024 | Sewer    | Reached skill level 7 in Earth Magic
  3024 | Sewer    | Reached skill level 7 in Alchemy
  3089 | Sewer    | Found a viscous altar of Jiyva.
  3106 | Sewer    | Became a worshipper of Jiyva Jakylucs the Shapeless
  3145 | Sewer    | Identified the +1 leather armour of Mungest {rElec Dex+3}
  3331 | D:4      | Reached XP level 8. HP: 45/50 MP: 0/0
  3692 | D:5      | Entered Level 5 of the Dungeon
  3713 | D:5      | Noticed Blork the orc
  3718 | D:5      | Killed Blork the orc
  3811 | D:5      | Found a hide-covered altar of Uskayaw.
  3825 | D:5      | Noticed Prince Ribbit
  3837 | D:5      | Reached skill level 8 in Spellcasting
  3837 | D:5      | Reached skill level 8 in Conjurations
  3837 | D:5      | Reached skill level 8 in Hexes
  3837 | D:5      | Reached skill level 8 in Summonings
  3837 | D:5      | Reached skill level 8 in Necromancy
  3837 | D:5      | Reached skill level 8 in Translocations
  3837 | D:5      | Reached skill level 8 in Fire Magic
  3837 | D:5      | Reached skill level 8 in Ice Magic
  3837 | D:5      | Reached skill level 8 in Air Magic
  3837 | D:5      | Reached skill level 8 in Earth Magic
  3837 | D:5      | Reached skill level 8 in Alchemy
  3846 | D:5      | Killed Prince Ribbit
  3868 | D:5      | Reached XP level 9. HP: 19/55 MP: 0/0
  3868 | D:5      | Learned a level 4 spell: Animate Dead
  4105 | D:5      | Reached * piety under Jiyva
  4165 | D:5      | Reached skill level 9 in Spellcasting
  4165 | D:5      | Reached skill level 9 in Conjurations
  4165 | D:5      | Reached skill level 9 in Hexes
  4165 | D:5      | Reached skill level 9 in Summonings
  4165 | D:5      | Reached skill level 9 in Necromancy
  4165 | D:5      | Reached skill level 9 in Translocations
  4165 | D:5      | Reached skill level 9 in Fire Magic
  4165 | D:5      | Reached skill level 9 in Ice Magic
  4165 | D:5      | Reached skill level 9 in Air Magic
  4165 | D:5      | Reached skill level 9 in Earth Magic
  4165 | D:5      | Reached skill level 9 in Alchemy
  4489 | D:5      | Noticed Grinder
  4494 | D:5      | Killed Grinder
  4569 | D:6      | Reached skill level 1 in Fighting
  4630 | D:6      | Noticed Jeremiah
  4652 | D:6      | Killed Jeremiah
  4653 | D:6      | Reached skill level 2 in Fighting
  4653 | D:6      | Reached skill level 3 in Dodging
  4779 | D:6      | Found a stormy altar of Qazlal.
  4785 | D:6      | Reached skill level 4 in Dodging
  4809 | D:6      | Found a transporter.
  4855 | D:6      | Reached ** piety under Jiyva
  4894 | D:6      | Found a transporter.
  4895 | D:6      | Found a one-way gate to the infinite horrors of the Abyss.
  4895 | D:6      | Noticed jestert79's ghost (novice CoFi)
  4906 | D:6      | Gained mutation: You are robust. (+10% HP) [potion of
                  | mutation]
  4906 | D:6      | Gained mutation: Your body sometimes deteriorates upon
                  | taking damage. [potion of mutation]
  4906 | D:6      | Gained mutation: You possess an exceptional clarity of
                  | mind. [potion of mutation]
  4913 | D:6      | Found a staircase to the Ecumenical Temple.
  4929 | D:6      | Reached skill level 3 in Fighting
  5040 | Temple   | Entered the Ecumenical Temple
  5323 | D:6      | Reached skill level 5 in Dodging
  5328 | D:6      | Found a roughly hewn altar of Beogh.
  5328 | D:6      | Found the +7 staff of the Meek {protect, meekguard}
  5534 | D:7      | Reached skill level 4 in Fighting
  5534 | D:7      | Reached XP level 10. HP: 72/73 MP: 0/0
  5596 | D:7      | Reached *** piety under Jiyva
  5748 | D:7      | Reached skill level 6 in Dodging
  5812 | D:7      | Lost mutation: You possess an exceptional clarity of mind.
                  | [Jiyva's grace]
  5812 | D:7      | Lost mutation: Your body sometimes deteriorates upon taking
                  | damage. [Jiyva's grace]
  5812 | D:7      | Gained mutation: You are agile. (Dex +4, Str/Int -1)
                  | [Jiyva's grace]
  5812 | D:7      | Gained mutation: You are very agile. (Dex +8, Str/Int -2)
                  | [Jiyva's grace]
  5812 | D:7      | Gained mutation: Your muscles are strong. (Str +4, Int/Dex
                  | -1) [Jiyva's grace]
  5812 | D:7      | Gained mutation: Your muscles are very strong. (Str +8,
                  | Int/Dex -2) [Jiyva's grace]
  5860 | D:7      | Found a runed translucent gate.
  5860 | D:7      | Found a runed translucent gate.
  5861 | D:7      | Found a runed translucent gate.
  5861 | D:7      | Noticed a rust devil
  5940 | D:7      | Noticed a rust devil
  6353 | D:8      | Reached skill level 5 in Fighting
  6460 | D:8      | Found a glowing golden altar of the Shining One.
  6469 | D:8      | Found a white marble altar of Elyvilon.
  6471 | D:8      | Found a shimmering altar of Xom.
  6526 | D:8      | Reached skill level 6 in Fighting
  6526 | D:8      | Reached skill level 7 in Dodging
  6639 | D:8      | Found Coeshig's Overcharged Wands.
  6730 | D:8      | Reached **** piety under Jiyva
  6943 | D:9      | Found the +18 Lear's hauberk
  6996 | D:9      | Found a staircase to the Lair.
  7008 | D:9      | Reached skill level 8 in Dodging
  7076 | D:9      | Noticed a two-headed ogre
  7083 | D:9      | Killed a two-headed ogre
  7084 | D:9      | Reached skill level 7 in Fighting
  7084 | D:9      | Reached XP level 11. HP: 86/86 MP: 0/0
  7084 | D:9      | Learned a level 5 spell: Alistair's Intoxication
  7109 | D:9      | Found a flagged portal.
  7162 | Bailey   | Entered a bailey
  7195 | Bailey   | Noticed an orc warlord
  7280 | Bailey   | Found a runed translucent gate.
  7282 | Bailey   | Found a runed translucent gate.
  7299 | Bailey   | Found a runed translucent gate.
  7335 | Bailey   | Lost mutation: You are very agile. (Dex +8, Str/Int -2)
                  | [Jiyva's grace]
  7335 | Bailey   | Lost mutation: You are robust. (+10% HP) [Jiyva's grace]
  7335 | Bailey   | Gained mutation: You have a small jelly attached to you
                  | that may absorb projectiles. [Jiyva's grace]
  7335 | Bailey   | Gained mutation: Your melee attacks may engulf your foes in
                  | ooze. [Jiyva's grace]
  7335 | Bailey   | Gained mutation: You have a pair of small horns on your
                  | head. [Jiyva's grace]
  7335 | Bailey   | Gained mutation: You have a pair of horns on your head.
                  | [Jiyva's grace]
  7343 | Bailey   | Reached ***** piety under Jiyva
  7455 | Bailey   | Killed an orc warlord
  7456 | Bailey   | Reached skill level 8 in Fighting
  7456 | Bailey   | Reached skill level 9 in Dodging
  7525 | Bailey   | Reached skill level 9 in Fighting
  7525 | Bailey   | Reached skill level 6 in Armour
  7525 | Bailey   | Reached skill level 10 in Dodging
  7525 | Bailey   | Reached XP level 12. HP: 90/90 MP: 0/0
  7535 | Bailey   | Reached skill level 7 in Staves
  7535 | Bailey   | Reached XP level 13. HP: 94/94 MP: 0/0
  7535 | Bailey   | Learned a level 5 spell: Arcjolt
  7543 | D:9      | Upgraded the game from 0.32-a0-433-g08bcfe7efd to
                  | 0.32-a0-450-g080537f31e
  7613 | D:9      | Reached skill level 10 in Spellcasting
  7613 | D:9      | Reached skill level 10 in Conjurations
  7613 | D:9      | Reached skill level 10 in Hexes
  7613 | D:9      | Reached skill level 10 in Summonings
  7613 | D:9      | Reached skill level 10 in Necromancy
  7613 | D:9      | Reached skill level 10 in Translocations
  7613 | D:9      | Reached skill level 10 in Fire Magic
  7613 | D:9      | Reached skill level 10 in Ice Magic
  7613 | D:9      | Reached skill level 10 in Air Magic
  7613 | D:9      | Reached skill level 10 in Earth Magic
  7613 | D:9      | Reached skill level 10 in Alchemy
  7968 | D:9      | Noticed a four-headed hydra
  8145 | Lair:1   | Entered Level 1 of the Lair of Beasts
  8399 | Lair:1   | Reached skill level 11 in Spellcasting
  8399 | Lair:1   | Reached skill level 11 in Conjurations
  8399 | Lair:1   | Reached skill level 11 in Hexes
  8399 | Lair:1   | Reached skill level 11 in Summonings
  8399 | Lair:1   | Reached skill level 11 in Necromancy
  8399 | Lair:1   | Reached skill level 11 in Translocations
  8399 | Lair:1   | Reached skill level 11 in Fire Magic
  8399 | Lair:1   | Reached skill level 11 in Ice Magic
  8399 | Lair:1   | Reached skill level 11 in Air Magic
  8399 | Lair:1   | Reached skill level 11 in Earth Magic
  8399 | Lair:1   | Reached skill level 11 in Alchemy
  9041 | Lair:2   | Found a staircase to the Swamp.
  9041 | Lair:2   | Noticed an eleionoma
  9051 | Lair:2   | Killed an eleionoma
  9052 | Lair:2   | Reached skill level 12 in Spellcasting
  9052 | Lair:2   | Reached skill level 12 in Conjurations
  9052 | Lair:2   | Reached skill level 12 in Hexes
  9052 | Lair:2   | Reached skill level 12 in Summonings
  9052 | Lair:2   | Reached skill level 12 in Necromancy
  9052 | Lair:2   | Reached skill level 12 in Translocations
  9052 | Lair:2   | Reached skill level 12 in Fire Magic
  9052 | Lair:2   | Reached skill level 12 in Ice Magic
  9052 | Lair:2   | Reached skill level 12 in Air Magic
  9052 | Lair:2   | Reached skill level 12 in Earth Magic
  9052 | Lair:2   | Reached skill level 12 in Alchemy
  9096 | Lair:2   | Lost mutation: You have a small jelly attached to you that
                  | may absorb projectiles. [Jiyva's grace]
  9096 | Lair:2   | Gained mutation: You are very agile. (Dex +8, Str/Int -2)
                  | [Jiyva's grace]
  9096 | Lair:2   | Gained mutation: Your translucent skin slightly reduces
                  | your foes' accuracy. (Stealth+) [Jiyva's grace]
  9096 | Lair:2   | Gained mutation: Your translucent skin reduces your foes'
                  | accuracy. (Stealth+) [Jiyva's grace]
  9096 | Lair:2   | Gained mutation: Your transparent skin significantly
                  | reduces your foes' accuracy. (Stealth+) [Jiyva's grace]
  9147 | Lair:2   | Reached XP level 14. HP: 101/101 MP: 0/0
  9508 | Lair:3   | Reached ****** piety under Jiyva
  9642 | Lair:3   | Found a hole to the Spider Nest.
  9846 | Lair:3   | Identified the ring of Zumisum {rElec rC- Will+ Int+6}
 10343 | Lair:4   | Found a staircase to the Slime Pits.
 10358 | Lair:4   | Reached skill level 13 in Spellcasting
 10358 | Lair:4   | Reached skill level 13 in Conjurations
 10358 | Lair:4   | Reached skill level 13 in Hexes
 10358 | Lair:4   | Reached skill level 13 in Summonings
 10358 | Lair:4   | Reached skill level 13 in Necromancy
 10358 | Lair:4   | Reached skill level 13 in Translocations
 10358 | Lair:4   | Reached skill level 13 in Fire Magic
 10358 | Lair:4   | Reached skill level 13 in Ice Magic
 10358 | Lair:4   | Reached skill level 13 in Air Magic
 10358 | Lair:4   | Reached skill level 13 in Earth Magic
 10358 | Lair:4   | Reached skill level 13 in Alchemy
 10387 | Lair:4   | Found a viscous altar of Jiyva.
 10396 | Slime:1  | Entered Level 1 of the Pits of Slime
 10405 | Lair:4   | Identified a scroll of acquirement
 10462 | Slime:1  | Noticed an acid blob
 10466 | Slime:2  | Noticed an acid blob
 10466 | Slime:2  | Noticed an azure jelly
 10466 | Slime:2  | Noticed a formless jellyfish
 10466 | Slime:2  | Noticed a formless jellyfish
 10470 | Slime:2  | Noticed an acid blob
 10475 | Slime:3  | Noticed an azure jelly
 10500 | Slime:3  | Noticed a rockslime
 10584 | Slime:4  | Noticed a quicksilver ooze
 10584 | Slime:4  | Noticed an acid blob
 10584 | Slime:4  | Noticed an acid blob
 10590 | Slime:5  | Entered Level 5 of the Pits of Slime
 10617 | Slime:5  | Noticed an acid blob
 10618 | Slime:5  | Noticed the Royal Jelly
 10620 | Slime:5  | Found a viscous altar of Jiyva.
 10623 | Slime:5  | Noticed an acid blob
 10626 | Slime:5  | Found the ring of the Hare {EV+10}
 10630 | Slime:5  | Identified the +6 falchion of Luerphije {flame, +Blink
                  | Will+}
 10634 | Slime:5  | Identified the ring of Passeog {rC++ rN+ Dex-4}
 10637 | Slime:5  | Identified the amulet "Kozuom" {Reflect Rampage Str+2 Dex+2
                  | SH+5}
 10638 | Slime:5  | Noticed an acid blob
 10647 | Slime:5  | Noticed an acid blob
 10650 | Slime:5  | Noticed an acid blob
 10653 | Slime:5  | Noticed an acid blob
 10657 | Slime:5  | Noticed an acid blob
 10658 | Slime:5  | Identified the +8 chain mail of Murrelehu {-Cast +Blink
                  | rC++ Int-2}
 10665 | Slime:5  | Noticed an acid blob
 10671 | Slime:5  | Found the +6 Majin-Bo {spellvamp, MP+6 Int+6}
 10681 | Slime:5  | Got a slimy rune of Zot
 10683 | Slime:5  | Got a starry gem with 373 turns to spare
 10722 | Slime:5  | Noticed a quicksilver ooze
 10761 | Slime:2  | Noticed an azure jelly
 10786 | Lair:4   | Acquired the +8 chain mail "Rotsed" {rN+ Stlth+}
 11123 | Lair:5   | Entered Level 5 of the Lair of Beasts
 11123 | Lair:5   | Lost mutation: You have a pair of horns on your head.
                  | [Jiyva's grace]
 11123 | Lair:5   | Lost mutation: You have a pair of small horns on your head.
                  | [Jiyva's grace]
 11123 | Lair:5   | Lost mutation: Your transparent skin significantly reduces
                  | your foes' accuracy. (Stealth+) [Jiyva's grace]
 11123 | Lair:5   | Gained mutation: Your transparent skin significantly
                  | reduces your foes' accuracy. (Stealth+) [Jiyva's grace]
 11123 | Lair:5   | Gained mutation: Armour fits poorly on your pseudopods.
                  | [Jiyva's grace]
 11123 | Lair:5   | Gained mutation: Armour fits poorly on your large
                  | pseudopods. [Jiyva's grace]
 11123 | Lair:5   | Gained mutation: Armour fits poorly on your massive
                  | pseudopods. [Jiyva's grace]
 11171 | Lair:5   | Reached skill level 10 in Fighting
 11171 | Lair:5   | Reached skill level 7 in Armour
 11321 | Lair:5   | Upgraded the game from 0.32-a0-450-g080537f31e to
                  | 0.32-a0-468-g38b2580584
 11406 | Lair:5   | Reached skill level 8 in Armour
 11419 | Lair:5   | Reached skill level 11 in Fighting
 11579 | Lair:5   | Noticed a dire elephant
 11579 | Lair:5   | Noticed a dire elephant
 11579 | Lair:5   | Noticed a dire elephant
 11579 | Lair:5   | Noticed a dire elephant
 11592 | Lair:5   | Noticed a dire elephant
 11619 | Lair:5   | Killed a dire elephant
 11698 | Lair:5   | Reached XP level 15. HP: 46/111 MP: 0/0
 11698 | Lair:5   | Learned a level 6 spell: Dispersal
 11785 | Lair:5   | Reached skill level 9 in Armour
 12093 | Lair:5   | Got an earthy gem with 119 turns to spare
 12325 | Lair:5   | Reached skill level 12 in Fighting
 12724 | D:10     | Entered Level 10 of the Dungeon
 12734 | D:10     | Reached skill level 10 in Armour
 12764 | D:10     | Reached skill level 8 in Staves
 12791 | D:10     | Identified the +2 helmet of Icopso Ogge {-Tele rF++ rC+
                  | Slay+2}
 13070 | D:10     | Found a blossoming altar of Fedhas.
 13508 | D:11     | Lost mutation: You are very agile. (Dex +8, Str/Int -2)
                  | [Jiyva's grace]
 13508 | D:11     | Lost mutation: Your transparent skin significantly reduces
                  | your foes' accuracy. (Stealth+) [Jiyva's grace]
 13508 | D:11     | Gained mutation: You are robust. (+10% HP) [Jiyva's grace]
 13508 | D:11     | Gained mutation: You are very robust. (+20% HP) [Jiyva's
                  | grace]
 13508 | D:11     | Gained mutation: You are extremely robust. (+30% HP)
                  | [Jiyva's grace]
 13508 | D:11     | Gained mutation: You passively map a small area around you.
                  | [Jiyva's grace]
 13666 | D:11     | Identified the +2 long sword "Ufexaoc" {holy, rN+ Int+5}
 13689 | D:11     | Found a gate leading to a gauntlet.
 13696 | Gauntlet | Entered a Gauntlet
 13696 | Gauntlet | Found a transporter.
 13705 | Gauntlet | Found a transporter.
 13720 | Gauntlet | Found a transporter.
 13725 | Gauntlet | Found a transporter.
 13740 | Gauntlet | Found a transporter.
 13759 | Gauntlet | Found a transporter.
 13771 | Gauntlet | Found a transporter.
 13779 | Gauntlet | Found a transporter.
 13779 | Gauntlet | Found a transporter.
 13796 | Gauntlet | Found a transporter.
 13808 | Gauntlet | Found a transporter.
 13814 | Gauntlet | Found a transporter.
 13814 | Gauntlet | Found a transporter.
 13816 | Gauntlet | Found a transporter.
 13833 | Gauntlet | Found a transporter.
 13839 | Gauntlet | Found a transporter.
 13884 | Gauntlet | Found a transporter.
 13908 | Gauntlet | Found a transporter.
 13940 | Gauntlet | Identified the amulet of False Hope {Reflect Rampage +Blink
                  | rN+ SH+5}
 13976 | Gauntlet | Identified the +2 pair of gloves "Azuxtiup" {rC++}
 14060 | Gauntlet | Identified the amulet of Ydang {Reflect rPois SH+5}
 14076 | Gauntlet | Identified the ring "Jar Wiab" {Ice rN+ Int+3}
 14089 | Gauntlet | Found the +8 Vampire's Tooth {megavamp}
 14609 | D:12     | Reached skill level 9 in Staves
 14620 | D:12     | Reached skill level 11 in Armour
 14794 | D:12     | Found a roughly hewn altar of Beogh.
 14794 | D:12     | Found a staircase to the Orcish Mines.
 15036 | D:12     | Lost mutation: You passively map a small area around you.
                  | [Jiyva's grace]
 15036 | D:12     | Lost mutation: Armour fits poorly on your massive
                  | pseudopods. [Jiyva's grace]
 15036 | D:12     | Lost mutation: Armour fits poorly on your large pseudopods.
                  | [Jiyva's grace]
 15036 | D:12     | Lost mutation: Your translucent skin reduces your foes'
                  | accuracy. (Stealth+) [Jiyva's grace]
 15036 | D:12     | Gained mutation: You have a pair of small horns on your
                  | head. [Jiyva's grace]
 15036 | D:12     | Gained mutation: You have a pair of horns on your head.
                  | [Jiyva's grace]
 15036 | D:12     | Gained mutation: You have a pair of large horns on your
                  | head. [Jiyva's grace]
 15036 | D:12     | Gained mutation: You are partially covered in large bone
                  | plates. (SH +4) [Jiyva's grace]
 15202 | Orc:1    | Entered Level 1 of the Orcish Mines
 15207 | Orc:1    | Reached skill level 1 in Evocations
 15218 | Orc:1    | Noticed Urug
 15234 | Orc:1    | Killed Urug
 15306 | Orc:2    | Entered Level 2 of the Orcish Mines
 15327 | Orc:2    | Reached skill level 2 in Evocations
 15374 | Orc:2    | Reached skill level 3 in Evocations
 15515 | Orc:1    | Found a dark tunnel.
 15528 | Volcano  | Entered a volcano
 15580 | Volcano  | Reached XP level 16. HP: 111/153 MP: 0/0
 15667 | Volcano  | Reached skill level 10 in Staves
 15749 | Volcano  | Reached skill level 4 in Evocations
 16052 | Orc:2    | Found Teovi's Book Shop.
 16052 | Orc:2    | Found Extaus's Magic Scroll Shoppe.
 16054 | Orc:2    | Found Kuti's Book Emporium.
 16056 | Orc:2    | Found Nesin's Magic Scroll Boutique.
 16209 | Orc:2    | Found a staircase to the Elven Halls.
 16487 | D:13     | Found a basalt altar of Yredelemnul.
 16657 | D:13     | Reached skill level 5 in Evocations
 16697 | D:13     | Lost mutation: You have a pair of large horns on your head.
                  | [Jiyva's grace]
 16697 | D:13     | Lost mutation: You are extremely robust. (+30% HP) [Jiyva's
                  | grace]
 16697 | D:13     | Lost mutation: Your muscles are very strong. (Str +8,
                  | Int/Dex -2) [Jiyva's grace]
 16697 | D:13     | Lost mutation: Your muscles are strong. (Str +4, Int/Dex
                  | -1) [Jiyva's grace]
 16697 | D:13     | Lost mutation: Armour fits poorly on your pseudopods.
                  | [Jiyva's grace]
 16697 | D:13     | Lost mutation: Your melee attacks may engulf your foes in
                  | ooze. [Jiyva's grace]
 16697 | D:13     | Gained mutation: Your rubbery body absorbs attacks. (AC +1,
                  | EV +1) [Jiyva's grace]
 16697 | D:13     | Gained mutation: Your pliable body absorbs attacks. (AC +2,
                  | EV +2) [Jiyva's grace]
 16697 | D:13     | Gained mutation: Your gelatinous body deflects attacks. (AC
                  | +3, EV +3) [Jiyva's grace]
 16697 | D:13     | Gained mutation: Your mind is acute. (Int +4, Str/Dex -1)
                  | [Jiyva's grace]
 16709 | D:13     | Found a frozen archway.
 16731 | IceCv    | Entered an ice cave
 16974 | IceCv    | Reached skill level 6 in Evocations
 17135 | IceCv    | Reached skill level 11 in Staves
 17527 | D:13     | Found a gate to the Vaults.
 17527 | D:13     | Noticed a tengu reaver
 17534 | D:13     | Killed a tengu reaver
 18090 | D:14     | Reached skill level 7 in Evocations
 18207 | D:14     | Noticed Rupert
 18214 | D:14     | Paralysed by Rupert for 2 turns
 18222 | D:14     | Killed Rupert
 18343 | D:14     | Found a shadowy altar of Dithmenos.
 18344 | D:14     | Noticed Louise
 18391 | D:14     | Killed Louise
 18508 | D:14     | Reached skill level 8 in Evocations
 18599 | D:14     | Reached skill level 12 in Staves
 18793 | D:15     | Entered Level 15 of the Dungeon
 18891 | D:15     | Reached XP level 17. HP: 148/148 MP: 0/0
 18891 | D:15     | Learned a level 7 spell: Summon Hydra
 18912 | D:15     | Acquired the staff of the Sea {+Blink rF+ rN+ Int+2 Fire}
 19065 | D:15     | Found a sacrificial altar of Ru.
 19164 | D:15     | Lost mutation: You have a pair of horns on your head.
                  | [Jiyva's grace]
 19164 | D:15     | Lost mutation: You are partially covered in large bone
                  | plates. (SH +4) [Jiyva's grace]
 19164 | D:15     | Lost mutation: Your gelatinous body deflects attacks. (AC
                  | +3, EV +3) [Jiyva's grace]
 19164 | D:15     | Lost mutation: Your pliable body absorbs attacks. (AC +2,
                  | EV +2) [Jiyva's grace]
 19164 | D:15     | Lost mutation: Your translucent skin slightly reduces your
                  | foes' accuracy. (Stealth+) [Jiyva's grace]
 19164 | D:15     | Gained mutation: Armour fits poorly on your pseudopods.
                  | [Jiyva's grace]
 19164 | D:15     | Gained mutation: Armour fits poorly on your large
                  | pseudopods. [Jiyva's grace]
 19164 | D:15     | Gained mutation: Armour fits poorly on your massive
                  | pseudopods. [Jiyva's grace]
 19164 | D:15     | Gained mutation: Your pliable body absorbs attacks. (AC +2,
                  | EV +2) [Jiyva's grace]
 19294 | D:15     | Found a staircase to the Depths.
 19587 | D:11     | Identified the +8 long sword "Kowoe" {freeze, rElec rF-
                  | Int+5}
 19750 | Spider:1 | Entered Level 1 of the Spider Nest
 19767 | Spider:1 | Noticed Jorgrun
 19776 | Spider:1 | Reached skill level 14 in Spellcasting
 19776 | Spider:1 | Reached skill level 14 in Conjurations
 19776 | Spider:1 | Reached skill level 14 in Hexes
 19776 | Spider:1 | Reached skill level 14 in Summonings
 19776 | Spider:1 | Reached skill level 14 in Necromancy
 19776 | Spider:1 | Reached skill level 14 in Translocations
 19776 | Spider:1 | Reached skill level 14 in Fire Magic
 19776 | Spider:1 | Reached skill level 14 in Ice Magic
 19776 | Spider:1 | Reached skill level 14 in Air Magic
 19776 | Spider:1 | Reached skill level 14 in Earth Magic
 19776 | Spider:1 | Reached skill level 14 in Alchemy
 19780 | Spider:1 | Killed Jorgrun
 19868 | Spider:1 | Your ally Jorgrun died
 20802 | Spider:2 | Reached skill level 15 in Spellcasting
 20802 | Spider:2 | Reached skill level 15 in Conjurations
 20802 | Spider:2 | Reached skill level 15 in Hexes
 20802 | Spider:2 | Reached skill level 15 in Summonings
 20802 | Spider:2 | Reached skill level 15 in Necromancy
 20802 | Spider:2 | Reached skill level 15 in Translocations
 20802 | Spider:2 | Reached skill level 15 in Fire Magic
 20802 | Spider:2 | Reached skill level 15 in Ice Magic
 20802 | Spider:2 | Reached skill level 15 in Air Magic
 20802 | Spider:2 | Reached skill level 15 in Earth Magic
 20802 | Spider:2 | Reached skill level 15 in Alchemy
 21068 | Spider:3 | Lost mutation: Your mind is acute. (Int +4, Str/Dex -1)
                  | [Jiyva's grace]
 21068 | Spider:3 | Gained mutation: You possess an exceptional clarity of
                  | mind. [Jiyva's grace]
 21068 | Spider:3 | Gained mutation: You are partially covered in iridescent
                  | scales. (AC +2) [Jiyva's grace]
 21068 | Spider:3 | Gained mutation: You are mostly covered in iridescent
                  | scales. (AC +4) [Jiyva's grace]
 21068 | Spider:3 | Gained mutation: You are completely covered in iridescent
                  | scales. (AC +6) [Jiyva's grace]
 21396 | Spider:3 | Reached XP level 18. HP: 156/156 MP: 0/0
 21431 | Spider:3 | Identified the ring of Kikubaaqudgha's Envy {Ice Fly rPois
                  | Str+2}
 21727 | Spider:4 | Entered Level 4 of the Spider Nest
 21802 | Spider:4 | Reached skill level 16 in Spellcasting
 21802 | Spider:4 | Reached skill level 16 in Conjurations
 21802 | Spider:4 | Reached skill level 16 in Hexes
 21802 | Spider:4 | Reached skill level 16 in Summonings
 21802 | Spider:4 | Reached skill level 16 in Necromancy
 21802 | Spider:4 | Reached skill level 16 in Translocations
 21802 | Spider:4 | Reached skill level 16 in Fire Magic
 21802 | Spider:4 | Reached skill level 16 in Ice Magic
 21802 | Spider:4 | Reached skill level 16 in Air Magic
 21802 | Spider:4 | Reached skill level 16 in Earth Magic
 21802 | Spider:4 | Reached skill level 16 in Alchemy
 21823 | Spider:4 | Upgraded the game from 0.32-a0-468-g38b2580584 to
                  | 0.32-a0-473-gd044c6f0f0
 21828 | Spider:4 | Noticed Agnes
 21842 | Spider:4 | Killed Agnes
 21952 | Spider:4 | Your ally Agnes died
 22167 | Spider:4 | Was placed under penance by Jiyva
 22205 | Spider:4 | Reached skill level 17 in Spellcasting
 22205 | Spider:4 | Reached skill level 17 in Conjurations
 22205 | Spider:4 | Reached skill level 17 in Hexes
 22205 | Spider:4 | Reached skill level 17 in Summonings
 22205 | Spider:4 | Reached skill level 17 in Necromancy
 22205 | Spider:4 | Reached skill level 17 in Translocations
 22205 | Spider:4 | Reached skill level 17 in Fire Magic
 22205 | Spider:4 | Reached skill level 17 in Ice Magic
 22205 | Spider:4 | Reached skill level 17 in Air Magic
 22205 | Spider:4 | Reached skill level 17 in Earth Magic
 22205 | Spider:4 | Reached skill level 17 in Alchemy
 22638 | Spider:4 | Got a gossamer rune of Zot
 22799 | Spider:4 | Was forgiven by Jiyva
 23111 | Swamp:1  | Entered Level 1 of the Swamp
 23497 | Swamp:1  | Reached XP level 19. HP: 147/163 MP: 0/0
 23497 | Swamp:1  | Learned a level 6 spell: Summon Cactus Giant
 23526 | Swamp:1  | Found a blossoming altar of Fedhas.
 23878 | Swamp:2  | Lost mutation: You are completely covered in iridescent
                  | scales. (AC +6) [Jiyva's grace]
 23878 | Swamp:2  | Lost mutation: You are very robust. (+20% HP) [Jiyva's
                  | grace]
 23878 | Swamp:2  | Lost mutation: Armour fits poorly on your massive
                  | pseudopods. [Jiyva's grace]
 23878 | Swamp:2  | Lost mutation: Armour fits poorly on your large pseudopods.
                  | [Jiyva's grace]
 23878 | Swamp:2  | Gained mutation: You are strong-willed. (Will+) [Jiyva's
                  | grace]
 23878 | Swamp:2  | Gained mutation: You are highly strong-willed. (Will++)
                  | [Jiyva's grace]
 23878 | Swamp:2  | Gained mutation: You are extremely strong-willed. (Will+++)
                  | [Jiyva's grace]
 23878 | Swamp:2  | Gained mutation: Your flesh is almost immune to the effects
                  | of heat. (rF+++) [Jiyva's grace]
 23986 | Swamp:2  | Identified the +7 spear "Zuas" {heavy, rF+ Will+ rCorr
                  | Int+3}
 24103 | Swamp:2  | Reached skill level 18 in Spellcasting
 24103 | Swamp:2  | Reached skill level 18 in Conjurations
 24103 | Swamp:2  | Reached skill level 18 in Hexes
 24103 | Swamp:2  | Reached skill level 18 in Summonings
 24103 | Swamp:2  | Reached skill level 18 in Necromancy
 24103 | Swamp:2  | Reached skill level 18 in Translocations
 24103 | Swamp:2  | Reached skill level 18 in Fire Magic
 24103 | Swamp:2  | Reached skill level 18 in Ice Magic
 24103 | Swamp:2  | Reached skill level 18 in Air Magic
 24103 | Swamp:2  | Reached skill level 18 in Earth Magic
 24103 | Swamp:2  | Reached skill level 18 in Alchemy
 24776 | Swamp:3  | Identified the +0 pair of gloves of Discretion {Regen+
                  | rCorr}
 25021 | Swamp:4  | Entered Level 4 of the Swamp
 25427 | Swamp:4  | Reached skill level 19 in Spellcasting
 25427 | Swamp:4  | Reached skill level 19 in Conjurations
 25427 | Swamp:4  | Reached skill level 19 in Hexes
 25427 | Swamp:4  | Reached skill level 19 in Summonings
 25427 | Swamp:4  | Reached skill level 19 in Necromancy
 25427 | Swamp:4  | Reached skill level 19 in Translocations
 25427 | Swamp:4  | Reached skill level 19 in Fire Magic
 25427 | Swamp:4  | Reached skill level 19 in Ice Magic
 25427 | Swamp:4  | Reached skill level 19 in Air Magic
 25427 | Swamp:4  | Reached skill level 19 in Earth Magic
 25427 | Swamp:4  | Reached skill level 19 in Alchemy
 25483 | Swamp:4  | Got a decaying rune of Zot
 25943 | Vaults:1 | Entered Level 1 of the Vaults
 25989 | Vaults:1 | Found a magical portal.
 25999 | WizLab   | Entered Alistair's Party Mansion
 26110 | WizLab   | Lost mutation: You possess an exceptional clarity of mind.
                  | [Jiyva's grace]
 26110 | WizLab   | Lost mutation: You are extremely strong-willed. (Will+++)
                  | [Jiyva's grace]
 26110 | WizLab   | Gained mutation: You are covered in fur. (AC +1) [Jiyva's
                  | grace]
 26110 | WizLab   | Gained mutation: You are covered in thick fur. (AC +2)
                  | [Jiyva's grace]
 26110 | WizLab   | Gained mutation: Your thick and shaggy fur keeps you warm.
                  | (AC +3, rC+) [Jiyva's grace]
 26110 | WizLab   | Gained mutation: You are very agile. (Dex +8, Str/Int -2)
                  | [Jiyva's grace]
 26114 | WizLab   | Reached XP level 20. HP: 148/156 MP: 0/0
 26650 | Vaults:1 | Reached skill level 20 in Spellcasting
 26650 | Vaults:1 | Reached skill level 20 in Conjurations
 26650 | Vaults:1 | Reached skill level 20 in Hexes
 26650 | Vaults:1 | Reached skill level 20 in Summonings
 26650 | Vaults:1 | Reached skill level 20 in Necromancy
 26650 | Vaults:1 | Reached skill level 20 in Translocations
 26650 | Vaults:1 | Reached skill level 20 in Fire Magic
 26650 | Vaults:1 | Reached skill level 20 in Ice Magic
 26650 | Vaults:1 | Reached skill level 20 in Air Magic
 26650 | Vaults:1 | Reached skill level 20 in Earth Magic
 26650 | Vaults:1 | Reached skill level 20 in Alchemy
 26770 | Vaults:1 | Reached skill level 1 in Shields
 26902 | Vaults:1 | Reached skill level 2 in Shields
 27019 | Vaults:1 | Reached skill level 3 in Shields
 27744 | Vaults:2 | Reached skill level 4 in Shields
 27750 | Vaults:2 | Lost mutation: Your flesh is almost immune to the effects
                  | of heat. (rF+++) [Jiyva's grace]
 27750 | Vaults:2 | Lost mutation: Your pliable body absorbs attacks. (AC +2,
                  | EV +2) [Jiyva's grace]
 27750 | Vaults:2 | Lost mutation: Armour fits poorly on your pseudopods.
                  | [Jiyva's grace]
 27750 | Vaults:2 | Gained mutation: You have acidic saliva. [Jiyva's grace]
 27750 | Vaults:2 | Gained mutation: You are extremely strong-willed. (Will+++)
                  | [Jiyva's grace]
 27750 | Vaults:2 | Gained mutation: Your body has grown eyes which may confuse
                  | attackers. (Acc +3) [Jiyva's grace]
 27750 | Vaults:2 | Gained mutation: Your body has grown many eyes which may
                  | confuse attackers. (Acc +5) [Jiyva's grace]
 27915 | Vaults:2 | Reached skill level 5 in Shields
 28016 | Vaults:2 | Found a staircase to the Crypt.
 28121 | Vaults:2 | Reached skill level 6 in Shields
 28333 | Vaults:2 | Acquired the ring "Byppoff" {rF+ Int+5}
 28428 | Vaults:2 | Reached XP level 21. HP: 162/162 MP: 0/0
 28428 | Vaults:2 | Learned a level 7 spell: Malign Gateway
 28805 | Vaults:3 | Reached skill level 21 in Spellcasting
 28805 | Vaults:3 | Reached skill level 21 in Conjurations
 28805 | Vaults:3 | Reached skill level 21 in Hexes
 28805 | Vaults:3 | Reached skill level 21 in Summonings
 28805 | Vaults:3 | Reached skill level 21 in Necromancy
 28805 | Vaults:3 | Reached skill level 21 in Translocations
 28805 | Vaults:3 | Reached skill level 21 in Fire Magic
 28805 | Vaults:3 | Reached skill level 21 in Ice Magic
 28805 | Vaults:3 | Reached skill level 21 in Air Magic
 28805 | Vaults:3 | Reached skill level 21 in Earth Magic
 28805 | Vaults:3 | Reached skill level 21 in Alchemy
 29957 | Vaults:4 | Reached skill level 22 in Spellcasting
 29957 | Vaults:4 | Reached skill level 22 in Conjurations
 29957 | Vaults:4 | Reached skill level 22 in Hexes
 29957 | Vaults:4 | Reached skill level 22 in Summonings
 29957 | Vaults:4 | Reached skill level 22 in Necromancy
 29957 | Vaults:4 | Reached skill level 22 in Translocations
 29957 | Vaults:4 | Reached skill level 22 in Fire Magic
 29957 | Vaults:4 | Reached skill level 22 in Ice Magic
 29957 | Vaults:4 | Reached skill level 22 in Air Magic
 29957 | Vaults:4 | Reached skill level 22 in Earth Magic
 29957 | Vaults:4 | Reached skill level 22 in Alchemy
 30008 | Vaults:4 | Reached skill level 1 in Throwing
 30009 | Vaults:4 | Reached skill level 2 in Throwing
 30027 | Vaults:4 | Reached skill level 3 in Throwing
 30161 | Vaults:4 | Lost mutation: You are extremely strong-willed. (Will+++)
                  | [Jiyva's grace]
 30161 | Vaults:4 | Lost mutation: You are highly strong-willed. (Will++)
                  | [Jiyva's grace]
 30161 | Vaults:4 | Lost mutation: You are robust. (+10% HP) [Jiyva's grace]
 30161 | Vaults:4 | Lost mutation: Your thick and shaggy fur keeps you warm.
                  | (AC +3, rC+) [Jiyva's grace]
 30161 | Vaults:4 | Gained mutation: You are covered in slimy tendrils that may
                  | disarm your opponents. [Jiyva's grace]
 30161 | Vaults:4 | Gained mutation: You are robust. (+10% HP) [Jiyva's grace]
 30161 | Vaults:4 | Gained mutation: You are very robust. (+20% HP) [Jiyva's
                  | grace]
 30161 | Vaults:4 | Gained mutation: You are extremely robust. (+30% HP)
                  | [Jiyva's grace]
 30228 | Vaults:4 | Reached skill level 4 in Throwing
 30354 | Vaults:4 | Reached skill level 5 in Throwing
 30833 | Elf:1    | Entered Level 1 of the Elven Halls
 30838 | Elf:1    | Reached XP level 22. HP: 167/200 MP: 0/0
 30899 | Elf:1    | Found Exay's Magic Scroll Boutique.
 30905 | Elf:1    | Found Otsihyal's Book Shop.
 30914 | Elf:1    | Bought a scroll of blinking for 112 gold pieces
 30919 | Elf:1    | Reached skill level 6 in Throwing
 30926 | Elf:1    | Paralysed by an air elemental for 1 turns
 30966 | Elf:1    | Reached skill level 7 in Throwing
 31148 | Elf:1    | Reached skill level 8 in Throwing
 31188 | Elf:1    | Found Regi's Antique Weapon Shoppe.
 31293 | Elf:1    | Acquired 923 gold pieces
 31531 | Elf:2    | Lost mutation: You are covered in thick fur. (AC +2)
                  | [Jiyva's grace]
 31531 | Elf:2    | Lost mutation: Your rubbery body absorbs attacks. (AC +1,
                  | EV +1) [Jiyva's grace]
 31531 | Elf:2    | Lost mutation: You are covered in slimy tendrils that may
                  | disarm your opponents. [Jiyva's grace]
 31531 | Elf:2    | Gained mutation: Your mind is acute. (Int +4, Str/Dex -1)
                  | [Jiyva's grace]
 31531 | Elf:2    | Gained mutation: Your mind is very acute. (Int +8, Str/Dex
                  | -2) [Jiyva's grace]
 31531 | Elf:2    | Gained mutation: You passively map a small area around you.
                  | [Jiyva's grace]
 31531 | Elf:2    | Gained mutation: You passively map the area around you.
                  | [Jiyva's grace]
 31541 | Elf:2    | Reached skill level 9 in Throwing
 31580 | Elf:2    | Reached skill level 10 in Throwing
 31872 | Elf:2    | Reached skill level 11 in Throwing
 32091 | Elf:2    | Found a runed translucent gate.
 32092 | Elf:2    | Found a runed translucent gate.
 32092 | Elf:2    | Found a runed translucent gate.
 32135 | Elf:2    | Paralysed by an air elemental for 1 turns
 32138 | Elf:2    | Paralysed by an air elemental for 1 turns
 32249 | Elf:2    | Reached skill level 12 in Throwing
 32512 | Elf:3    | Entered Level 3 of the Elven Halls
 32522 | Elf:3    | Upgraded the game from 0.32-a0-473-gd044c6f0f0 to
                  | 0.32-a0-485-g70f7560b1c
 32808 | Elf:3    | Found Dutyxuddiy's Assorted Antiques.
 32921 | Elf:3    | Bought a glowing cloak for 202 gold pieces
 33021 | Elf:3    | Reached skill level 11 in Dodging
 33557 | Elf:3    | Reached XP level 23. HP: 178/206 MP: 0/0
 33557 | Elf:3    | Learned a level 7 spell: Haunt
 33567 | Elf:3    | Reached skill level 12 in Dodging
 33746 | Elf:3    | Reached skill level 13 in Dodging
 33786 | Elf:3    | Identified the +7 hand axe of the Dancing Gods {spect,
                  | rElec Dex+3}
 33881 | Elf:3    | Identified the +2 robe of Action {Rampage Str+3}
 33887 | Elf:3    | Identified the ring "Pama" {Fire Will+}
 33912 | Elf:3    | Found the +2 hood of the Assassin {Detect Stab+ Stlth++}
 33993 | Elf:3    | Identified the +4 quarterstaff "Diox" {speed, Str+4 Int+2
                  | Dex-5}
 34004 | Elf:3    | Identified the +0 plate armour "Wogugg" {Dex+3}
 34017 | Elf:3    | Identified the staff "Dooxtots" {rElec Int+3 Tloc Air}
 34300 | Depths:1 | Entered Level 1 of the Depths
 34422 | Depths:1 | Found a bloodstained altar of Trog.
 34596 | Depths:1 | Found Rodisas's Serpentskin Sales.
 34641 | Depths:1 | Lost mutation: Your mind is very acute. (Int +8, Str/Dex
                  | -2) [Jiyva's grace]
 34641 | Depths:1 | Lost mutation: You are strong-willed. (Will+) [Jiyva's
                  | grace]
 34641 | Depths:1 | Lost mutation: You passively map the area around you.
                  | [Jiyva's grace]
 34641 | Depths:1 | Lost mutation: You are extremely robust. (+30% HP) [Jiyva's
                  | grace]
 34641 | Depths:1 | Lost mutation: You are covered in fur. (AC +1) [Jiyva's
                  | grace]
 34641 | Depths:1 | Lost mutation: Your body has grown many eyes which may
                  | confuse attackers. (Acc +5) [Jiyva's grace]
 34641 | Depths:1 | Gained mutation: You are completely covered in iridescent
                  | scales. (AC +6) [Jiyva's grace]
 34641 | Depths:1 | Gained mutation: You have a small jelly attached to you
                  | that senses nearby items. [Jiyva's grace]
 34641 | Depths:1 | Gained mutation: You expend health (3 HP) to strengthen
                  | your wands. [Jiyva's grace]
 34641 | Depths:1 | Gained mutation: You have a pair of horns on your head.
                  | [Jiyva's grace]
 34672 | Depths:1 | Noticed a caustic shrike
 34678 | Depths:1 | Killed a caustic shrike
 34699 | Depths:1 | Noticed a juggernaut
 34737 | Depths:1 | Killed a juggernaut
 34812 | Depths:1 | Noticed a caustic shrike
 34826 | Depths:1 | Killed a caustic shrike
 35008 | Depths:1 | Reached skill level 23 in Spellcasting
 35008 | Depths:1 | Reached skill level 23 in Conjurations
 35008 | Depths:1 | Reached skill level 23 in Hexes
 35008 | Depths:1 | Reached skill level 23 in Summonings
 35008 | Depths:1 | Reached skill level 23 in Necromancy
 35008 | Depths:1 | Reached skill level 23 in Translocations
 35008 | Depths:1 | Reached skill level 23 in Fire Magic
 35008 | Depths:1 | Reached skill level 23 in Ice Magic
 35008 | Depths:1 | Reached skill level 23 in Air Magic
 35008 | Depths:1 | Reached skill level 23 in Earth Magic
 35008 | Depths:1 | Reached skill level 23 in Alchemy
 35123 | Depths:1 | Reached XP level 24. HP: 92/198 MP: 0/0
 35275 | Depths:1 | Reached skill level 7 in Shields
 35611 | Depths:1 | Found a gateway to Hell.
 35636 | Depths:2 | Noticed the Enchantress
 35726 | Depths:2 | Found a one-way gateway to a ziggurat.
 35734 | Depths:2 | Paralysed by a vampire knight for 5 turns
 35737 | Depths:2 | Reached skill level 8 in Shields
 35789 | Depths:2 | Reached skill level 9 in Shields
 35988 | Depths:2 | Reached skill level 10 in Shields
 36026 | Depths:2 | Killed the Enchantress
 36031 | Depths:2 | Reached skill level 11 in Shields
 36070 | Depths:2 | Your ally Enchantress spriggan zombie died
 36114 | Depths:2 | Was placed under penance by Jiyva
 36443 | Depths:2 | Found a one-way gate leading to the halls of Pandemonium.
 36546 | Depths:2 | Was forgiven by Jiyva
 36658 | Depths:2 | Noticed a golden dragon
 36663 | Depths:2 | Reached skill level 12 in Shields
 36876 | Depths:2 | Killed a golden dragon
 36939 | Depths:2 | Noticed a golden dragon
 36955 | Depths:2 | Killed a golden dragon
 36956 | Depths:2 | Reached skill level 13 in Shields
 36971 | Depths:2 | Noticed a golden dragon
 36980 | Depths:2 | Killed a golden dragon
 36989 | Depths:2 | Reached XP level 25. HP: 59/204 MP: 0/0
 36989 | Depths:2 | Learned a level 8 spell: Infestation
 37024 | Depths:2 | Noticed a juggernaut
 37027 | Depths:2 | Noticed a juggernaut
 37039 | Depths:2 | Reached skill level 14 in Shields
 37048 | Depths:2 | Killed a juggernaut
 37057 | Depths:2 | Killed a juggernaut
 37070 | Depths:2 | Identified the +8 spear of the Jumping Mosquito {speed,
                  | *Noise rElec rPois Dex+4}
 37071 | Depths:2 | Noticed a caustic shrike
 37088 | Depths:2 | Killed a caustic shrike
 37700 | Depths:3 | Lost mutation: You are completely covered in iridescent
                  | scales. (AC +6) [Jiyva's grace]
 37700 | Depths:3 | Lost mutation: You are very agile. (Dex +8, Str/Int -2)
                  | [Jiyva's grace]
 37700 | Depths:3 | Lost mutation: Your mind is acute. (Int +4, Str/Dex -1)
                  | [Jiyva's grace]
 37700 | Depths:3 | Lost mutation: You are very robust. (+20% HP) [Jiyva's
                  | grace]
 37700 | Depths:3 | Lost mutation: You expend health (3 HP) to strengthen your
                  | wands. [Jiyva's grace]
 37700 | Depths:3 | Gained mutation: Armour fits poorly on your pseudopods.
                  | [Jiyva's grace]
 37700 | Depths:3 | Gained mutation: Armour fits poorly on your large
                  | pseudopods. [Jiyva's grace]
 37700 | Depths:3 | Gained mutation: Armour fits poorly on your massive
                  | pseudopods. [Jiyva's grace]
 37700 | Depths:3 | Gained mutation: Your mind is acute. (Int +4, Str/Dex -1)
                  | [Jiyva's grace]
 37720 | Depths:3 | Reached skill level 15 in Shields
 37786 | Depths:3 | Found a runed translucent gate.
 37786 | Depths:3 | Found a runed translucent gate.
 37786 | Depths:3 | Found a runed translucent gate.
 37799 | Depths:3 | Noticed Ciogh's ghost (veteran GnWn)
 37799 | Depths:3 | Noticed Cofabior's ghost (veteran GnWn)
 38161 | Depths:4 | Entered Level 4 of the Depths
 38362 | Depths:4 | Identified the +6 war axe of Makhleb's Indignation {speed,
                  | rPois}
 38376 | Depths:4 | Identified the ring "Goackop" {Ice SInv}
 38376 | Depths:4 | Noticed Josephina
 38528 | Depths:4 | Identified the orb "Ciyll" {light, rC++ rN+ Stlth+ Conj}
 38528 | Depths:4 | Noticed Frederick
 38551 | Depths:4 | Killed Frederick
 38723 | Depths:4 | Killed Josephina
 38953 | Depths:4 | Reached skill level 24 in Spellcasting
 38953 | Depths:4 | Reached skill level 24 in Conjurations
 38953 | Depths:4 | Reached skill level 24 in Hexes
 38953 | Depths:4 | Reached skill level 24 in Summonings
 38953 | Depths:4 | Reached skill level 24 in Necromancy
 38953 | Depths:4 | Reached skill level 24 in Translocations
 38953 | Depths:4 | Reached skill level 24 in Fire Magic
 38953 | Depths:4 | Reached skill level 24 in Ice Magic
 38953 | Depths:4 | Reached skill level 24 in Air Magic
 38953 | Depths:4 | Reached skill level 24 in Earth Magic
 38953 | Depths:4 | Reached skill level 24 in Alchemy
 38980 | Depths:4 | Paralysed by a vampire knight for 3 turns
 39530 | Depths:4 | Reached XP level 26. HP: 168/193 MP: 0/0
 39670 | Depths:4 | Found a gate to the Realm of Zot.
 40094 | Vaults:5 | Entered Level 5 of the Vaults
 40098 | Vaults:5 | Noticed an ancient lich
 40272 | Vaults:5 | Killed an ancient lich
 40273 | Vaults:5 | Reached skill level 25 in Spellcasting
 40273 | Vaults:5 | Reached skill level 25 in Conjurations
 40273 | Vaults:5 | Reached skill level 25 in Hexes
 40273 | Vaults:5 | Reached skill level 25 in Summonings
 40273 | Vaults:5 | Reached skill level 25 in Necromancy
 40273 | Vaults:5 | Reached skill level 25 in Translocations
 40273 | Vaults:5 | Reached skill level 25 in Fire Magic
 40273 | Vaults:5 | Reached skill level 25 in Ice Magic
 40273 | Vaults:5 | Reached skill level 25 in Air Magic
 40273 | Vaults:5 | Reached skill level 25 in Earth Magic
 40273 | Vaults:5 | Reached skill level 25 in Alchemy
 40325 | Vaults:5 | Identified the +4 leather armour of Sin {+Blink Fly rN+
                  | Will+}
 40361 | Vaults:5 | Noticed Jory
 40369 | Vaults:5 | Killed Jory
 40729 | Vaults:5 | Reached skill level 26 in Spellcasting
 40729 | Vaults:5 | Reached skill level 26 in Conjurations
 40729 | Vaults:5 | Reached skill level 26 in Hexes
 40729 | Vaults:5 | Reached skill level 26 in Summonings
 40729 | Vaults:5 | Reached skill level 26 in Necromancy
 40729 | Vaults:5 | Reached skill level 26 in Translocations
 40729 | Vaults:5 | Reached skill level 26 in Fire Magic
 40729 | Vaults:5 | Reached skill level 26 in Ice Magic
 40729 | Vaults:5 | Reached skill level 26 in Air Magic
 40729 | Vaults:5 | Reached skill level 26 in Earth Magic
 40729 | Vaults:5 | Reached skill level 26 in Alchemy
 40950 | Vaults:5 | Reached XP level 27. HP: 201/201 MP: 0/0
 40950 | Vaults:5 | Learned a level 9 spell: Dragon's Call
 41507 | Vaults:5 | Got a silver rune of Zot
 41556 | Vaults:5 | Identified the +8 halberd "Palid" {heavy, *Corrode rPois
                  | Str+2}
 41558 | Vaults:5 | Identified the +8 glaive of Domination {flame, rF+ Stlth+}
 41558 | Vaults:5 | Identified the ring "Udoduirchu" {rElec rF+ Str+2 Int+6}
 41745 | Vaults:5 | Lost mutation: You have a pair of horns on your head.
                  | [Jiyva's grace]
 41745 | Vaults:5 | Lost mutation: You have a pair of small horns on your head.
                  | [Jiyva's grace]
 41745 | Vaults:5 | Lost mutation: Armour fits poorly on your massive
                  | pseudopods. [Jiyva's grace]
 41745 | Vaults:5 | Gained mutation: Your melee attacks may engulf your foes in
                  | ooze. [Jiyva's grace]
 41745 | Vaults:5 | Gained mutation: Your flesh is almost immune to the effects
                  | of heat. (rF+++) [Jiyva's grace]
 41745 | Vaults:5 | Gained mutation: You are very agile. (Dex +8, Str/Int -2)
                  | [Jiyva's grace]
 41745 | Vaults:5 | Gained mutation: You have a somewhat thin skeletal
                  | structure. (Dex +2, Stealth+) [Jiyva's grace]
 41902 | Vaults:5 | Identified the +9 war axe of the Sea {antimagic, rF+ rCorr}
 41907 | Vaults:5 | Identified the staff of Zulizarr {Will- rCorr Dex-2 Tloc
                  | Earth}
 41929 | Vaults:5 | Identified the +1 plate armour "Irghaletu" {rPois rF+
                  | Str+4}
 42349 | Depths:2 | Voluntarily entered the Abyss.
 42497 | Abyss:3  | Found a corrupted altar of Lugonu.
 42512 | Abyss:3  | Reached skill level 2 in Stealth
 42526 | Abyss:3  | Lost mutation: You are robust. (+10% HP) [a neqoxec]
 42539 | Abyss:3  | Found a corrupted altar of Lugonu.
 42556 | Abyss:3  | Found a corrupted altar of Lugonu.
 42573 | Abyss:3  | Found a corrupted altar of Lugonu.
 42573 | Abyss:3  | Found a corrupted altar of Lugonu.
 42591 | Abyss:3  | Found a corrupted altar of Lugonu.
 42650 | Abyss:3  | Reached skill level 3 in Stealth
 42719 | Abyss:3  | Found a corrupted altar of Lugonu.
 42755 | Abyss:3  | Found a corrupted altar of Lugonu.
 42755 | Abyss:3  | Found a corrupted altar of Lugonu.
 42789 | Abyss:3  | Reached skill level 4 in Stealth
 42908 | Abyss:3  | Reached skill level 5 in Stealth
 43065 | Depths:2 | Escaped the Abyss
 43119 | Depths:2 | Voluntarily entered the Abyss.
 43140 | Abyss:3  | Gained mutation: Your rubbery body absorbs attacks. (AC +1,
                  | EV +1) [Jiyva's grace]
 43140 | Abyss:3  | Gained mutation: Your pliable body absorbs attacks. (AC +2,
                  | EV +2) [Jiyva's grace]
 43140 | Abyss:3  | Gained mutation: Your gelatinous body deflects attacks. (AC
                  | +3, EV +3) [Jiyva's grace]
 43140 | Abyss:3  | Gained mutation: Your body has grown many eyes which may
                  | confuse attackers. (Acc +5) [Jiyva's grace]
 43181 | Abyss:3  | Reached skill level 6 in Stealth
 43201 | Abyss:3  | Reached skill level 7 in Stealth
 43208 | Abyss:4  | Found a corrupted altar of Lugonu.
 43243 | Depths:2 | Escaped the Abyss
 43245 | Depths:2 | Voluntarily entered the Abyss.
 43568 | Abyss:5  | Found a corrupted altar of Lugonu.
 43582 | Abyss:5  | Found a corrupted altar of Lugonu.
 43596 | Depths:2 | Escaped the Abyss
 43607 | Depths:2 | Upgraded the game from 0.32-a0-485-g70f7560b1c to
                  | 0.32-a0-520-g344ed53f66
 43812 | Zot:1    | Entered Level 1 of the Realm of Zot
 44303 | Zot:1    | Identified the +0 chain mail "Cummanur" {rElec rC+ rN+}
 44550 | Zot:2    | Noticed an orb of fire
 44552 | Zot:2    | Found the +4 dragonskin cloak
 44552 | Zot:2    | Noticed Tiamat
 44632 | Zot:2    | get em
 45171 | Zot:2    | Killed an orb of fire
 45314 | Zot:2    | Lost mutation: You are mostly covered in iridescent scales.
                  | (AC +4) [Jiyva's grace]
 45314 | Zot:2    | Lost mutation: You are partially covered in iridescent
                  | scales. (AC +2) [Jiyva's grace]
 45314 | Zot:2    | Lost mutation: You have a somewhat thin skeletal structure.
                  | (Dex +2, Stealth+) [Jiyva's grace]
 45314 | Zot:2    | Lost mutation: Your gelatinous body deflects attacks. (AC
                  | +3, EV +3) [Jiyva's grace]
 45314 | Zot:2    | Gained mutation: You are partially covered in iridescent
                  | scales. (AC +2) [Jiyva's grace]
 45314 | Zot:2    | Gained mutation: You are mostly covered in iridescent
                  | scales. (AC +4) [Jiyva's grace]
 45314 | Zot:2    | Gained mutation: You are completely covered in iridescent
                  | scales. (AC +6) [Jiyva's grace]
 45314 | Zot:2    | Gained mutation: You have hidden genetic potential.
                  | [Jiyva's grace]
 45522 | Zot:2    | Killed Tiamat
 45523 | Zot:2    | Reached skill level 27 in Spellcasting
 45523 | Zot:2    | Reached skill level 27 in Conjurations
 45523 | Zot:2    | Reached skill level 27 in Hexes
 45523 | Zot:2    | Reached skill level 27 in Summonings
 45523 | Zot:2    | Reached skill level 27 in Necromancy
 45523 | Zot:2    | Reached skill level 27 in Translocations
 45523 | Zot:2    | Reached skill level 27 in Fire Magic
 45523 | Zot:2    | Reached skill level 27 in Ice Magic
 45523 | Zot:2    | Reached skill level 27 in Air Magic
 45523 | Zot:2    | Reached skill level 27 in Earth Magic
 45523 | Zot:2    | Reached skill level 27 in Alchemy
 45638 | Zot:1    | Upgraded the game from 0.32-a0-520-g344ed53f66 to
                  | 0.32-a0-540-g866d13106e
 45897 | Zot:3    | Reached skill level 13 in Fighting
 45912 | Zot:3    | HP: 13/184 [white draconian stormcaller/divine providence
                  | (14)]
 46072 | Zot:3    | Was placed under penance by Jiyva
 46904 | Zot:3    | Gained mutation: You are very vulnerable to cold. (rC--)
                  | [the all-consuming vengeance of Jiyva]
 46904 | Zot:3    | Gained mutation: You are extremely vulnerable to cold.
                  | (rC---) [the all-consuming vengeance of Jiyva]
 47312 | Zot:3    | Reached skill level 16 in Shields
 47574 | Zot:3    | Reached skill level 14 in Fighting
 48406 | Zot:4    | Found a transporter.
 48408 | Zot:4    | Found a transporter.
 48409 | Zot:4    | Noticed Kinwaexu's ghost (veteran OnBe)
 48413 | Zot:4    | Found the +5 demon whip "Spellbinder" {antimagic, disrupt,
                  | Will+}
 48422 | Zot:4    | Was forgiven by Jiyva
 48466 | Zot:4    | HP: 15/187 [something (43)]
 49350 | Zot:5    | Entered Level 5 of the Realm of Zot
 49355 | Zot:5    | Noticed a Killer Klown
 49358 | Zot:5    | Noticed an orb of fire
 49359 | Zot:5    | Gained mutation: Your body sometimes deteriorates upon
                  | taking damage. [an orb of fire]
 49390 | Zot:5    | Reached skill level 15 in Fighting
 49395 | Zot:5    | Reached skill level 17 in Shields
 49397 | Zot:5    | Killed a Killer Klown
 49498 | Zot:5    | Killed an orb of fire
 49522 | Zot:5    | Gained mutation: You have great hidden genetic potential.
                  | [hidden potential]
 49670 | Zot:5    | Noticed a Killer Klown
 49673 | Zot:5    | Killed a Killer Klown
 49942 | Zot:5    | Reached skill level 16 in Fighting
 50035 | Zot:5    | Reached skill level 18 in Shields
 50149 | Zot:5    | Noticed a Killer Klown
 50153 | Zot:5    | Killed a Killer Klown
 50155 | Zot:5    | Noticed an orb of fire
 50159 | Zot:5    | Killed an orb of fire
 50161 | Zot:5    | Noticed a dread lich
 50164 | Zot:5    | Killed a dread lich
 50176 | Zot:5    | Noticed an orb of fire
 50176 | Zot:5    | Noticed an orb of fire
 50184 | Zot:5    | Killed an orb of fire
 50190 | Zot:5    | Killed an orb of fire
 50337 | Zot:5    | Reached skill level 17 in Fighting
 50345 | Zot:5    | Noticed an orb of fire
 50365 | Zot:5    | Killed an orb of fire
 50434 | Zot:5    | Noticed an orb of fire
 50435 | Zot:5    | Lost mutation: Your melee attacks may engulf your foes in
                  | ooze. [an orb of fire]
 50441 | Zot:5    | Killed an orb of fire
 50442 | Zot:5    | Reached skill level 19 in Shields
 50448 | Zot:5    | Noticed a Killer Klown
 50451 | Zot:5    | Killed a Killer Klown
 50453 | Zot:5    | Noticed a Killer Klown
 50455 | Zot:5    | Noticed an orb of fire
 50461 | Zot:5    | Killed an orb of fire
 50465 | Zot:5    | Killed a Killer Klown
 50507 | Zot:5    | Noticed a Killer Klown
 50513 | Zot:5    | Killed a Killer Klown
 50526 | Zot:5    | Noticed an ancient lich
 50534 | Zot:5    | Killed an ancient lich
 50546 | Zot:5    | Noticed an orb of fire
 50557 | Zot:5    | Killed an orb of fire
 50564 | Zot:5    | Reached skill level 18 in Fighting
 50570 | Zot:5    | Gained mutation: You expend health (3 HP) to strengthen
                  | your wands. [hidden potential]
 50570 | Zot:5    | Lost mutation: You have great hidden genetic potential.
                  | [hidden potential expressed]
 50641 | Zot:5    | Got the Orb of Zot
 51330 | D:1      | Lost mutation: You are extremely vulnerable to cold.
                  | (rC---) [potion of mutation]
 51330 | D:1      | Lost mutation: Armour fits poorly on your large pseudopods.
                  | [potion of mutation]
 51330 | D:1      | Lost mutation: You are completely covered in iridescent
                  | scales. (AC +6) [potion of mutation]
 51331 | D:1      | Lost mutation: Armour fits poorly on your pseudopods.
                  | [potion of mutation]
 51331 | D:1      | Lost mutation: Your body sometimes deteriorates upon taking
                  | damage. [potion of mutation]
 51331 | D:1      | Lost mutation: You have acidic saliva. [potion of mutation]
 51331 | D:1      | Gained mutation: You passively map the area around you.
                  | [potion of mutation]
 51332 | D:1      | Lost mutation: You have a small jelly attached to you that
                  | senses nearby items. [potion of mutation]
 51332 | D:1      | Lost mutation: You passively map the area around you.
                  | [potion of mutation]
 51332 | D:1      | Gained mutation: Your muscles are strong. (Str +4, Int/Dex
                  | -1) [potion of mutation]
 51333 | D:1      | Lost mutation: Your muscles are strong. (Str +4, Int/Dex
                  | -1) [potion of mutation]
 51333 | D:1      | Lost mutation: Your mind is acute. (Int +4, Str/Dex -1)
                  | [potion of mutation]
 51333 | D:1      | Lost mutation: Your pliable body absorbs attacks. (AC +2,
                  | EV +2) [potion of mutation]
 51333 | D:1      | Lost mutation: You have hidden genetic potential. [potion
                  | of mutation]
 51333 | D:1      | Gained mutation: You have a pair of small antennae on your
                  | head. [potion of mutation]
 51333 | D:1      | Gained mutation: You are covered in fur. (AC +1) [potion of
                  | mutation]
 51334 | D:1      | Lost mutation: You are very vulnerable to cold. (rC--)
                  | [potion of mutation]
 51334 | D:1      | Lost mutation: You are covered in fur. (AC +1) [potion of
                  | mutation]
 51334 | D:1      | Gained mutation: You have very sharp teeth. [potion of
                  | mutation]
 51335 | D:1      | Lost mutation: You are very agile. (Dex +8, Str/Int -2)
                  | [potion of mutation]
 51335 | D:1      | Lost mutation: You are agile. (Dex +4, Str/Int -1) [potion
                  | of mutation]
 51335 | D:1      | Lost mutation: Your flesh is almost immune to the effects
                  | of heat. (rF+++) [potion of mutation]
 51335 | D:1      | Gained mutation: Your mind is acute. (Int +4, Str/Dex -1)
                  | [potion of mutation]
 51335 | D:1      | Lost mutation: Your mind is acute. (Int +4, Str/Dex -1)
                  | [potion of mutation]
 51335 | D:1      | Gained mutation: Your mind is acute. (Int +4, Str/Dex -1)
                  | [potion of mutation]
 51336 | D:1      | Lost mutation: You have a pair of small antennae on your
                  | head. [potion of mutation]
 51336 | D:1      | Lost mutation: You are mostly covered in iridescent scales.
                  | (AC +4) [potion of mutation]
 51336 | D:1      | Lost mutation: Your mind is acute. (Int +4, Str/Dex -1)
                  | [potion of mutation]
 51336 | D:1      | Gained mutation: You are mostly covered in iridescent
                  | scales. (AC +4) [potion of mutation]
 51337 | D:1      | Lost mutation: You are mostly covered in iridescent scales.
                  | (AC +4) [potion of mutation]
 51337 | D:1      | Lost mutation: Your body has grown many eyes which may
                  | confuse attackers. (Acc +5) [potion of mutation]
 51337 | D:1      | Lost mutation: You have very sharp teeth. [potion of
                  | mutation]
 51337 | D:1      | Gained mutation: You are covered in fur. (AC +1) [potion of
                  | mutation]
 51337 | D:1      | Gained mutation: You are strong-willed. (Will+) [potion of
                  | mutation]
 51338 | D:1      | Lost mutation: Your body has grown eyes which may confuse
                  | attackers. (Acc +3) [potion of mutation]
 51338 | D:1      | Lost mutation: You passively map a small area around you.
                  | [potion of mutation]
 51338 | D:1      | Lost mutation: You are partially covered in iridescent
                  | scales. (AC +2) [potion of mutation]
 51338 | D:1      | Gained mutation: You have a pair of small horns on your
                  | head. [potion of mutation]
 51338 | D:1      | Gained mutation: Your mind is acute. (Int +4, Str/Dex -1)
                  | [potion of mutation]
 51339 | D:1      | Lost mutation: Your rubbery body absorbs attacks. (AC +1,
                  | EV +1) [potion of mutation]
 51339 | D:1      | Lost mutation: You are strong-willed. (Will+) [potion of
                  | mutation]
 51339 | D:1      | Lost mutation: Your mind is acute. (Int +4, Str/Dex -1)
                  | [potion of mutation]
 51339 | D:1      | Gained mutation: You are strong-willed. (Will+) [potion of
                  | mutation]
 51340 | D:1      | Lost mutation: You expend health (3 HP) to strengthen your
                  | wands. [potion of mutation]
 51340 | D:1      | Lost mutation: You are covered in fur. (AC +1) [potion of
                  | mutation]
 51340 | D:1      | Gained mutation: Your muscles are strong. (Str +4, Int/Dex
                  | -1) [potion of mutation]
 51340 | D:1      | Gained mutation: Your mind is acute. (Int +4, Str/Dex -1)
                  | [potion of mutation]
 51342 | D:$      | Escaped with the Orb!

Illustrated notes

..............
.....~........*
D.k.C.w.q.D.............
, ,...################ *
, , , * , *


Turn 44632 on Zot:2: get em

Levels and vault maps discovered:
D:1:      dpeg_arrival_court, layout_rooms
D:2:      layout_basic, basic_altar, minmay_tetromino_t4
D:3:      layout_basic, skrybe_limestone_x, uniq_crazy_yiuf_cottage,
          uniq_sigmund
D:4:      layout_layer_cave, gup_sewer_entry_spiral
D:5:      layout_loops_ring, mainiacjoe_overflow_24_doors, uniq_grinder,
          uniq_prince_ribbit1, uniq_blork_the_orc
D:6:      layout_basic, kennysheep_little_box, minmay_temple_entry_statues,
          gammafunk_ghost_abyssal_escape, serial_library_hellmonk_narrow_alcove,
          pf_guarded_unrand_meek, uniq_jeremiah
D:7:      cheibrodos_iron_armory, layout_rooms, serial_library,
          serial_library_hellmonk_h_bend, serial_library_hellmonk_layered_room,
          serial_library_hellmonk_small_corner,
          serial_library_regret_index_split_case,
          serial_library_regret_index_branch_corner, hex_large,
          minmay_crystal_room
D:8:      layout_basic, grunt_temple_overflow_open,
          nicolae_shop_overcharged_wands
D:9:      layout_cave_pods, vehumet_altar_wand_db, lair_entry_dummy,
          enter_bailey_5, lightli_corner_chamber
D:10:     layout_layer_cave, overflow_temple_1_default
D:11:     layout_basic, gauntlet_entry_generic
D:12:     layout_roguey, david_orc_5, minmay_misc_feat_columns,
          elves_outpost_lemuel
D:13:     layout_stronghold, hellmonk_vaults_attempted_burglary,
          portal_ice_cave_rime, yredelemnul_altar_generic
D:14:     layout_loops_ring, nicolae_dithmenos_through_a_glass_darkly,
          minmay_three_doors, uniq_rupert, uniq_louise
D:15:     hangedman_depths_entry_civil_slaughter, layout_loops_cross,
          nicolae_ru_path_of_blood, serial_bayou_lake_a
Temple:   nicolae_temple_no_exploring_needed
Lair:1:   layout_roguey, chequers_serial_rivers_micro_c,
          chequers_serial_rivers_large_b, chequers_serial_rivers_room_b
Lair:2:   layout_gridlike, alex1729_swamp_entry_worm_eleionoma
Lair:3:   layout_long_grid, dummy_spider_entry, minivault_11,
          grunt_forest_large_clearings, infiniplex_staircase_pool
Lair:4:   layout_roguey, minmay_slime_entry_pillars, lemuel_another_geyser,
          grunt_megastairs_2
Lair:5:   due_jungle_book, layout_loops_ring, lemuel_fruit_tree
Swamp:1:  layout_basic_swamp, nicolae_swamp_godswood, nicolae_swamp_long_stream
Swamp:2:  layout_falls_marsh, nicolae_swamp_reclaimed_castle
Swamp:3:  layout_basic_swamp, serial_swamp_ruin, evilmike_swamp_ruin_house_6,
          evilmike_swamp_ruin_house_3, hangedman_swamp_ruin_wall, swamp_pool_4,
          nicolae_swamp_orc_logging_accident, nicolae_swamp_thats_no_hydra
Swamp:4:  swamp_basic_johnstein, layout_basic_swamp,
          evilmike_swamp_ruin_rubble_2
Spider:1: nicolae_spider_mines_3, nicolae_spider_scorpion_nest, uniq_jorgrun
Spider:2: layout_spider_delve
Spider:3: mumra_spider_spiderweb
Spider:4: guppyfry_spider_rune, nicolae_spider_some_kinda_spiderbox, uniq_agnes
Slime:1:  layout_caves
Slime:2:  layout_caves
Slime:3:  layout_caves, basic_altar
Slime:4:  layout_caves
Slime:5:  slime_pit_nicolae_trefoil
Orc:1:    layout_caves, lightli_volcano_entry_magma_tube, uniq_urug
Orc:2:    st_orc_rangers, layout_caves
Elf:1:    eino_elf_arrival_sip, layout_gridlike, serial_shops,
          nicolae_shop_crystal, minmay_elf_demonology, nrook_mini_backslash,
          minmay_shoptagon
Elf:2:    nicolae_elf_blades_crystal_corner, layout_onion_city
Elf:3:    minmay_elf_hall_circle, layout_geoelf_diagonals, serial_shops,
          nicolae_shop_competitors_out_of_business, onia_ninara_cookie
Vaults:1: mu_enter_wizlab_1, vaults_room_pool, nicolae_vaults_tangram_1,
          nicolae_vaults_back_hallway, v_misc_3,
          ontoclasm_vaults_decontamination, v_misc_18, hangedman_vaults_snaps,
          vaults_dpeg_emergency_exit, sword_in_stone, vaults_room_pool,
          layout_vaults_omnigrid
Vaults:2: nicolae_vaults_weapon_check, minmay_crypt_entry_simple_box,
          nicolae_vaults_network_periphery, nicolae_vaults_variable_pillar_hall,
          vaults_dpeg_spiral, nicolae_vaults_offset_grid_hallway_1,
          ontoclasm_vaults_hangar, ontoclasm_vaults_misaligned,
          hangedman_vaults_maws, v_misc_23, vaults_dpeg_encased_lava,
          vaults_standard_mumra_x, layout_vaults_omnibox
Vaults:3: grunt_vaults_twisty, nicolae_vaults_asterisk, hangedman_vaults_cutoff,
          v_misc_17, nicolae_vaults_disjoint_gnomons,
          nicolae_vaults_know_your_exits, vaults_dpeg_cross,
          hangedman_vaults_unwind, grunt_vaults_hallway_short,
          nicolae_vaults_little_squares_6, nicolae_vaults_little_squares_1,
          layout_vaults_maze_snakey
Vaults:4: vaults_room_boxed, v_misc_11, nicolae_vaults_specimen_jars, v_misc_33,
          nicolae_vaults_network_square, nicolae_vaults_steering_wheel,
          nicolae_vaults_stepped_doors, nicolae_vaults_trapezoid_3,
          vaults_room_pool, nicolae_vaults_fighting_squares,
          layout_vaults_omnicross
Vaults:5: uniq_jory
Depths:1: nicolae_herringbone, layout_basic, trog_three_pillars_becter,
          grunt_hell_entry_dis_grunt, guppyfry_shop_venom, firewood_loft
Depths:2: gammafunk_depths_water_palace, layout_cave_shapes, enter_ziggurat_c,
          grunt_decor_resistance, pan_entry, pf_coc_iceberg,
          minmay_room_of_horrors, chequers_decorated_corner, uniq_enchantress
Depths:3: hellmonk_ruined_rings, layout_cross, gammafunk_ghost_cemetery,
          pan_entry, hell_entry, abyss_entry, lemuel_tele_altar,
          hangedman_decor_peaks_small, kennysheep_generic_room_9
Depths:4: grunt_runaround [grunt_runaround_zot, grunt_runaround_doors_1,
          grunt_runaround_doors_2, grunt_runaround_doors_3,
          grunt_runaround_doors_4], hell_entry, uniq_josephina, uniq_frederick
Zot:1:    layout_gridlike
Zot:2:    layout_misc_corridors, uniq_tiamat
Zot:3:    layout_cathedral_of_symmetry, regret_index_zotdec_banners
Zot:4:    layout_cellular_growth, gammafunk_ghost_arena,
          regret_index_zotdec_magical_s
Zot:5:    layout_twisted_circle, st_stairs_12

Skill      XL: |  1  2  3  4  5  6  7  8  9 10 11 12 13 14 15 16 17 18 19 20 21 22 23 24 25 26 27 |
---------------+----------------------------------------------------------------------------------+-----
Spellcasting   | 4 5 6 7 8 9 12 13 15 17 19 20 22 23 24 26 27 | 27.0
Conjurations   | 4 5 6 7 8 9 12 13 15 17 19 20 22 23 24 26 27 | 27.0
Hexes          | 4 5 6 7 8 9 12 13 15 17 19 20 22 23 24 26 27 | 27.0
Summonings     | 4 5 6 7 8 9 12 13 15 17 19 20 22 23 24 26 27 | 27.0
Necromancy     | 4 5 6 7 8 9 12 13 15 17 19 20 22 23 24 26 27 | 27.0
Translocations | 4 5 6 7 8 9 12 13 15 17 19 20 22 23 24 26 27 | 27.0
Fire Magic     | 4 5 6 7 8 9 12 13 15 17 19 20 22 23 24 26 27 | 27.0
Ice Magic      | 4 5 6 7 8 9 12 13 15 17 19 20 22 23 24 26 27 | 27.0
Air Magic      | 4 5 6 7 8 9 12 13 15 17 19 20 22 23 24 26 27 | 27.0
Earth Magic    | 4 5 6 7 8 9 12 13 15 17 19 20 22 23 24 26 27 | 27.0
Alchemy        | 4 5 6 7 8 9 12 13 15 17 19 20 22 23 24 26 27 | 27.0
Fighting       | 4 7 9 11 12 18 | 18.1
Dodging        | 5 8 10 11 13 | 13.4
Armour         | 6 8 11 | 11.1
Staves         | 7 9 12 | 12.0
Evocations     | 3 8 |  8.3
Shields        | 6 13 15 19 | 19.6
Throwing       | 5 12 | 12.8
Stealth        | 7 |  7.9

Action                     |  1- 3 |  4- 6 |  7- 9 | 10-12 | 13-15 | 16-18 | 19-21 | 22-24 | 25-27 || total
---------------------------+-------+-------+-------+-------+-------+-------+-------+-------+-------++-------
  Melee: Quarterstaff      |       |       |       |     9 |     7 |       |       |       |       ||    16
         Headbutt          |       |       |       |       |     6 |   170 |   151 |   218 |   140 ||   685
         Bo                |       |       |       |       |    88 |   515 |   408 |   547 |   738 ||  2296
         Unarmed           |       |       |       |       |     2 |       |       |       |       ||     2
         Pseudopods        |       |       |       |       |    24 |   111 |   107 |       |   284 ||   526
         Bite              |       |       |       |       |       |       |    31 |   136 |   197 ||   364
   Cast: Foxfire           |    52 |    34 |   107 |    70 |    13 |     8 |       |     8 |     1 ||   293
         Inner Flame       |       |     2 |     7 |     9 |    32 |    41 |     6 |    12 |     9 ||   118
         Scorch            |       |     3 |    53 |    93 |   412 |   274 |    58 |    25 |       ||   918
         Volatile Blastmot |       |     2 |     8 |    15 |    39 |    50 |       |       |       ||   114
         Mercury Vapours   |       |     1 |     1 |       |    23 |    19 |       |       |     4 ||    48
         Summon Ice Beast  |       |       |     2 |     4 |    17 |    20 |    11 |     3 |       ||    57
         Animate Dead      |       |       |     3 |     4 |    14 |     8 |     4 |     9 |    11 ||    53
         Flame Wave        |       |       |     3 |       |     1 |     2 |     3 |    15 |    83 ||   107
         Alistair's Intoxi |       |       |       |     3 |    12 |    14 |    18 |    32 |    64 ||   143
         Arcjolt           |       |       |       |       |    76 |   168 |   288 |   131 |   181 ||   844
         Dispersal         |       |       |       |       |     1 |       |     1 |     1 |     1 ||     4
         Summon Hydra      |       |       |       |       |       |     5 |    25 |    68 |    35 ||   133
         Summon Cactus Gia |       |       |       |       |       |       |    22 |    60 |    54 ||   136
         Malign Gateway    |       |       |       |       |       |       |     1 |    31 |    47 ||    79
         Haunt             |       |       |       |       |       |       |       |    26 |    74 ||   100
         Infestation       |       |       |       |       |       |       |       |       |    40 ||    40
         Dragon's Call     |       |       |       |       |       |       |       |       |    22 ||    22
 Invoke: Slimify           |       |       |       |       |       |       |     2 |       |       ||     2
  Evoke: Wand              |       |       |       |       |     1 |    21 |     7 |     3 |    20 ||    52
         Condenser vane    |       |       |       |       |       |       |     1 |     1 |     2 ||     4
         Phial of floods   |       |       |       |       |       |       |       |       |     3 ||     3
    Use: Scroll            |       |     1 |     7 |       |    18 |     4 |     2 |     9 |    12 ||    53
         Potion            |       |       |     2 |     2 |     3 |     3 |       |     3 |    25 ||    38
   Stab: Distracted        |       |       |       |     1 |       |     2 |     7 |    13 |    18 ||    41
         Sleeping          |       |       |       |       |     1 |     3 |     3 |     1 |     2 ||    10
         Confused          |       |       |       |       |       |     3 |     6 |     7 |     6 ||    22
 Armour: Robe              |    13 |     6 |    33 |    39 |    89 |       |       |       |       ||   180
         Chain mail        |       |       |       |       |   207 |   890 |   436 |   571 |   860 ||  2964
         Skin              |       |       |       |       |     1 |       |       |       |       ||     1
  Dodge: Dodged            |    10 |     2 |    17 |    32 |   397 |   432 |   424 |   182 |   221 ||  1717
         Repelled          |       |       |       |       |       |       |       |       |     7 ||     7
  Block: Other             |     2 |     2 |     7 |     9 |   103 |   207 |    38 |       |       ||   368
         Reflection        |       |     1 |       |     2 |    11 |     4 |    33 |    39 |    28 ||   118
         Buckler           |       |       |       |       |       |       |   173 |   238 |       ||   411
         Kite shield       |       |       |       |       |       |       |       |   165 |   814 ||   979

Table legend: (Time is in decaauts)
 A = Elapsed time spent in this place.
 B = Non-inter-level travel time spent in this place.
 C = Inter-level travel time spent in this place.
 D = Time resting spent in this place.
 E = Time spent auto-exploring this place.
 F = Levels seen in this place.
 G = Mean time per level.
                   A        B        C        D        E       F      G
               +--------+--------+--------+--------+--------+-----+--------+
         Total |  50507 |  45351 |   5156 |   4532 |  23149 |  66 |  765.3 |
       Dungeon |  13548 |  11632 |   1916 |    340 |   8092 |  15 |  903.2 |
        Temple |      1 |      1 |      0 |      0 |      0 |   1 |    1.0 |
          Lair |   4275 |   3809 |    466 |    110 |   2429 |   5 |  855.0 |
         Swamp |   2430 |   2239 |    191 |      0 |   1348 |   4 |  607.5 |
   Spider Nest |   3175 |   3031 |    144 |    157 |   1841 |   4 |  793.8 |
    Slime Pits |    320 |    236 |     84 |      0 |     99 |   5 |   64.0 |
  Orcish Mines |    910 |    779 |    131 |      0 |    368 |   2 |  455.0 |
   Elven Halls |   3229 |   2973 |    256 |    411 |   1070 |   3 | 1076.3 |
        Vaults |   6206 |   5382 |    824 |    298 |   3077 |   5 | 1241.2 |
        Depths |   5929 |   5244 |    685 |    803 |   1898 |   4 | 1482.2 |
           Zot |   6893 |   6438 |    455 |   2170 |   2341 |   5 | 1378.6 |
         Abyss |   1108 |   1108 |      0 |    151 |      3 |   7 |  158.3 |
         Sewer |    270 |    270 |      0 |      0 |     99 |   1 |  270.0 |
        Bailey |    380 |    380 |      0 |      0 |     66 |   1 |  380.0 |
      Ice Cave |    520 |    520 |      0 |     26 |    116 |   1 |  520.0 |
       Volcano |    318 |    318 |      0 |     53 |      0 |   1 |  318.0 |
        Wizlab |    564 |    564 |      0 |     11 |    115 |   1 |  564.0 |
      Gauntlet |    423 |    423 |      0 |      0 |    187 |   1 |  423.0 |
               +--------+--------+--------+--------+--------+-----+--------+

Top non-repeatable levels by time:
Depths:2: 1941 daAuts
Depths:4: 1759 daAuts
   Zot:3: 1731 daAuts
   Zot:2: 1667 daAuts
Vaults:5: 1650 daAuts
Depths:1: 1485 daAuts
   Elf:3: 1432 daAuts
Vaults:1: 1393 daAuts
  Lair:5: 1391 daAuts
Vaults:4: 1380 daAuts
    D:13: 1300 daAuts
   Zot:1: 1293 daAuts
   Zot:5: 1211 daAuts
Spider:4: 1192 daAuts
     D:9: 1142 daAuts

Table legend: (Time is in decaauts)
 A = Elapsed time spent in this place.
 B = Non-inter-level travel time spent in this place.
 C = Inter-level travel time spent in this place.
 D = Time resting spent in this place.
 E = Time spent auto-exploring this place.
 F = Levels seen in this place.
 G = Mean time per level.
                   A        B        C        D        E       F      G
               +--------+--------+--------+--------+--------+-----+--------+
         Total |  50507 |  45351 |   5156 |   4532 |  23149 |  66 |  765.3 |
       Dungeon |  13548 |  11632 |   1916 |    340 |   8092 |  15 |  903.2 |
        Temple |      1 |      1 |      0 |      0 |      0 |   1 |    1.0 |
          Lair |   4275 |   3809 |    466 |    110 |   2429 |   5 |  855.0 |
         Swamp |   2430 |   2239 |    191 |      0 |   1348 |   4 |  607.5 |
   Spider Nest |   3175 |   3031 |    144 |    157 |   1841 |   4 |  793.8 |
    Slime Pits |    320 |    236 |     84 |      0 |     99 |   5 |   64.0 |
  Orcish Mines |    910 |    779 |    131 |      0 |    368 |   2 |  455.0 |
   Elven Halls |   3229 |   2973 |    256 |    411 |   1070 |   3 | 1076.3 |
        Vaults |   6206 |   5382 |    824 |    298 |   3077 |   5 | 1241.2 |
        Depths |   5929 |   5244 |    685 |    803 |   1898 |   4 | 1482.2 |
           Zot |   6893 |   6438 |    455 |   2170 |   2341 |   5 | 1378.6 |
         Abyss |   1108 |   1108 |      0 |    151 |      3 |   7 |  158.3 |
         Sewer |    270 |    270 |      0 |      0 |     99 |   1 |  270.0 |
        Bailey |    380 |    380 |      0 |      0 |     66 |   1 |  380.0 |
      Ice Cave |    520 |    520 |      0 |     26 |    116 |   1 |  520.0 |
       Volcano |    318 |    318 |      0 |     53 |      0 |   1 |  318.0 |
        Wizlab |    564 |    564 |      0 |     11 |    115 |   1 |  564.0 |
      Gauntlet |    423 |    423 |      0 |      0 |    187 |   1 |  423.0 |
               +--------+--------+--------+--------+--------+-----+--------+

Top non-repeatable levels by time:
Depths:2: 1941 daAuts
Depths:4: 1759 daAuts
   Zot:3: 1731 daAuts
   Zot:2: 1667 daAuts
Vaults:5: 1650 daAuts
Depths:1: 1485 daAuts
   Elf:3: 1432 daAuts
Vaults:1: 1393 daAuts
  Lair:5: 1391 daAuts
Vaults:4: 1380 daAuts
    D:13: 1300 daAuts
   Zot:1: 1293 daAuts
   Zot:5: 1211 daAuts
Spider:4: 1192 daAuts
     D:9: 1142 daAuts

Table legend:
 A = Kills in this place as a percentage of kills in the entire game.
 B = Kills by you in this place as a percentage of kills by you in the entire game.
 C = Kills by friends in this place as a percentage of kills by friends in the entire game.
 D = Other kills in this place as a percentage of other kills in the entire game.
 E = Experience gained in this place as a percentage of experience gained in the entire game.
 F = Experience gained in this place divided by the number of levels of this place that you have seen.
                   A       B       C       D       E      F
               +-------+-------+-------+-------+-------+----------------------
         Total | 100.0 | 100.0 | 100.0 | 100.0 | 100.0 | 22139.3
       Dungeon |  17.9 |  25.6 |   2.9 |   1.7 |   5.3 | 5188.4
          Lair |   6.1 |   7.1 |   4.7 |   0.0 |   3.2 | 9491.2
         Swamp |   5.4 |   4.5 |   7.7 |   1.7 |   4.5 | 16350.0
   Spider Nest |   9.0 |  10.4 |   6.7 |   0.0 |   6.4 | 23277.2
  Orcish Mines |   2.6 |   2.6 |   0.0 |  33.9 |   0.7 | 4845.5
   Elven Halls |   7.4 |   6.5 |  10.0 |   1.7 |   8.2 | 39772.3
        Vaults |  15.5 |  17.9 |  10.6 |  13.6 |  20.0 | 58415.6
        Depths |  14.3 |   6.3 |  30.3 |  23.7 |  21.7 | 79155.8
           Zot |  10.8 |   3.1 |  26.5 |  18.6 |  23.2 | 67896.8
         Abyss |   4.7 |   6.7 |   0.4 |   3.4 |   3.7 | 7757.6
         Sewer |   1.3 |   2.0 |   0.0 |   0.0 |   0.0 | 227.0
        Bailey |   1.1 |   1.6 |   0.0 |   1.7 |   0.1 | 1607.0
      Ice Cave |   1.3 |   2.0 |   0.0 |   0.0 |   0.4 | 5957.0
       Volcano |   0.7 |   1.0 |   0.0 |   0.0 |   0.3 | 4776.0
        Wizlab |   1.6 |   2.3 |   0.1 |   0.0 |   2.1 | 30560.0
      Gauntlet |   0.3 |   0.5 |   0.0 |   0.0 |   0.2 | 2780.0
               +-------+-------+-------+-------+-------+----------------------

Levels and vault maps discovered:
D:1:      dpeg_arrival_court, layout_rooms
D:2:      layout_basic, basic_altar, minmay_tetromino_t4
D:3:      layout_basic, skrybe_limestone_x, uniq_crazy_yiuf_cottage,
          uniq_sigmund
D:4:      layout_layer_cave, gup_sewer_entry_spiral
D:5:      layout_loops_ring, mainiacjoe_overflow_24_doors, uniq_grinder,
          uniq_prince_ribbit1, uniq_blork_the_orc
D:6:      layout_basic, kennysheep_little_box, minmay_temple_entry_statues,
          gammafunk_ghost_abyssal_escape, serial_library_hellmonk_narrow_alcove,
          pf_guarded_unrand_meek, uniq_jeremiah
D:7:      cheibrodos_iron_armory, layout_rooms, serial_library,
          serial_library_hellmonk_h_bend, serial_library_hellmonk_layered_room,
          serial_library_hellmonk_small_corner,
          serial_library_regret_index_split_case,
          serial_library_regret_index_branch_corner, hex_large,
          minmay_crystal_room
D:8:      layout_basic, grunt_temple_overflow_open,
          nicolae_shop_overcharged_wands
D:9:      layout_cave_pods, vehumet_altar_wand_db, lair_entry_dummy,
          enter_bailey_5, lightli_corner_chamber
D:10:     layout_layer_cave, overflow_temple_1_default
D:11:     layout_basic, gauntlet_entry_generic
D:12:     layout_roguey, david_orc_5, minmay_misc_feat_columns,
          elves_outpost_lemuel
D:13:     layout_stronghold, hellmonk_vaults_attempted_burglary,
          portal_ice_cave_rime, yredelemnul_altar_generic
D:14:     layout_loops_ring, nicolae_dithmenos_through_a_glass_darkly,
          minmay_three_doors, uniq_rupert, uniq_louise
D:15:     hangedman_depths_entry_civil_slaughter, layout_loops_cross,
          nicolae_ru_path_of_blood, serial_bayou_lake_a
Temple:   nicolae_temple_no_exploring_needed
Lair:1:   layout_roguey, chequers_serial_rivers_micro_c,
          chequers_serial_rivers_large_b, chequers_serial_rivers_room_b
Lair:2:   layout_gridlike, alex1729_swamp_entry_worm_eleionoma
Lair:3:   layout_long_grid, dummy_spider_entry, minivault_11,
          grunt_forest_large_clearings, infiniplex_staircase_pool
Lair:4:   layout_roguey, minmay_slime_entry_pillars, lemuel_another_geyser,
          grunt_megastairs_2
Lair:5:   due_jungle_book, layout_loops_ring, lemuel_fruit_tree
Swamp:1:  layout_basic_swamp, nicolae_swamp_godswood, nicolae_swamp_long_stream
Swamp:2:  layout_falls_marsh, nicolae_swamp_reclaimed_castle
Swamp:3:  layout_basic_swamp, serial_swamp_ruin, evilmike_swamp_ruin_house_6,
          evilmike_swamp_ruin_house_3, hangedman_swamp_ruin_wall, swamp_pool_4,
          nicolae_swamp_orc_logging_accident, nicolae_swamp_thats_no_hydra
Swamp:4:  swamp_basic_johnstein, layout_basic_swamp,
          evilmike_swamp_ruin_rubble_2
Spider:1: nicolae_spider_mines_3, nicolae_spider_scorpion_nest, uniq_jorgrun
Spider:2: layout_spider_delve
Spider:3: mumra_spider_spiderweb
Spider:4: guppyfry_spider_rune, nicolae_spider_some_kinda_spiderbox, uniq_agnes
Slime:1:  layout_caves
Slime:2:  layout_caves
Slime:3:  layout_caves, basic_altar
Slime:4:  layout_caves
Slime:5:  slime_pit_nicolae_trefoil
Orc:1:    layout_caves, lightli_volcano_entry_magma_tube, uniq_urug
Orc:2:    st_orc_rangers, layout_caves
Elf:1:    eino_elf_arrival_sip, layout_gridlike, serial_shops,
          nicolae_shop_crystal, minmay_elf_demonology, nrook_mini_backslash,
          minmay_shoptagon
Elf:2:    nicolae_elf_blades_crystal_corner, layout_onion_city
Elf:3:    minmay_elf_hall_circle, layout_geoelf_diagonals, serial_shops,
          nicolae_shop_competitors_out_of_business, onia_ninara_cookie
Vaults:1: mu_enter_wizlab_1, vaults_room_pool, nicolae_vaults_tangram_1,
          nicolae_vaults_back_hallway, v_misc_3,
          ontoclasm_vaults_decontamination, v_misc_18, hangedman_vaults_snaps,
          vaults_dpeg_emergency_exit, sword_in_stone, vaults_room_pool,
          layout_vaults_omnigrid
Vaults:2: nicolae_vaults_weapon_check, minmay_crypt_entry_simple_box,
          nicolae_vaults_network_periphery, nicolae_vaults_variable_pillar_hall,
          vaults_dpeg_spiral, nicolae_vaults_offset_grid_hallway_1,
          ontoclasm_vaults_hangar, ontoclasm_vaults_misaligned,
          hangedman_vaults_maws, v_misc_23, vaults_dpeg_encased_lava,
          vaults_standard_mumra_x, layout_vaults_omnibox
Vaults:3: grunt_vaults_twisty, nicolae_vaults_asterisk, hangedman_vaults_cutoff,
          v_misc_17, nicolae_vaults_disjoint_gnomons,
          nicolae_vaults_know_your_exits, vaults_dpeg_cross,
          hangedman_vaults_unwind, grunt_vaults_hallway_short,
          nicolae_vaults_little_squares_6, nicolae_vaults_little_squares_1,
          layout_vaults_maze_snakey
Vaults:4: vaults_room_boxed, v_misc_11, nicolae_vaults_specimen_jars, v_misc_33,
          nicolae_vaults_network_square, nicolae_vaults_steering_wheel,
          nicolae_vaults_stepped_doors, nicolae_vaults_trapezoid_3,
          vaults_room_pool, nicolae_vaults_fighting_squares,
          layout_vaults_omnicross
Vaults:5: uniq_jory
Depths:1: nicolae_herringbone, layout_basic, trog_three_pillars_becter,
          grunt_hell_entry_dis_grunt, guppyfry_shop_venom, firewood_loft
Depths:2: gammafunk_depths_water_palace, layout_cave_shapes, enter_ziggurat_c,
          grunt_decor_resistance, pan_entry, pf_coc_iceberg,
          minmay_room_of_horrors, chequers_decorated_corner, uniq_enchantress
Depths:3: hellmonk_ruined_rings, layout_cross, gammafunk_ghost_cemetery,
          pan_entry, hell_entry, abyss_entry, lemuel_tele_altar,
          hangedman_decor_peaks_small, kennysheep_generic_room_9
Depths:4: grunt_runaround [grunt_runaround_zot, grunt_runaround_doors_1,
          grunt_runaround_doors_2, grunt_runaround_doors_3,
          grunt_runaround_doors_4], hell_entry, uniq_josephina, uniq_frederick
Zot:1:    layout_gridlike
Zot:2:    layout_misc_corridors, uniq_tiamat
Zot:3:    layout_cathedral_of_symmetry, regret_index_zotdec_banners
Zot:4:    layout_cellular_growth, gammafunk_ghost_arena,
          regret_index_zotdec_magical_s
Zot:5:    layout_twisted_circle, st_stairs_12

Action                     |  1- 3 |  4- 6 |  7- 9 | 10-12 | 13-15 | 16-18 | 19-21 | 22-24 | 25-27 || total
---------------------------+-------+-------+-------+-------+-------+-------+-------+-------+-------++-------
  Melee: Quarterstaff      |       |       |       |     9 |     7 |       |       |       |       ||    16
         Headbutt          |       |       |       |       |     6 |   170 |   151 |   218 |   140 ||   685
         Bo                |       |       |       |       |    88 |   515 |   408 |   547 |   738 ||  2296
         Unarmed           |       |       |       |       |     2 |       |       |       |       ||     2
         Pseudopods        |       |       |       |       |    24 |   111 |   107 |       |   284 ||   526
         Bite              |       |       |       |       |       |       |    31 |   136 |   197 ||   364
   Cast: Foxfire           |    52 |    34 |   107 |    70 |    13 |     8 |       |     8 |     1 ||   293
         Inner Flame       |       |     2 |     7 |     9 |    32 |    41 |     6 |    12 |     9 ||   118
         Scorch            |       |     3 |    53 |    93 |   412 |   274 |    58 |    25 |       ||   918
         Volatile Blastmot |       |     2 |     8 |    15 |    39 |    50 |       |       |       ||   114
         Mercury Vapours   |       |     1 |     1 |       |    23 |    19 |       |       |     4 ||    48
         Summon Ice Beast  |       |       |     2 |     4 |    17 |    20 |    11 |     3 |       ||    57
         Animate Dead      |       |       |     3 |     4 |    14 |     8 |     4 |     9 |    11 ||    53
         Flame Wave        |       |       |     3 |       |     1 |     2 |     3 |    15 |    83 ||   107
         Alistair's Intoxi |       |       |       |     3 |    12 |    14 |    18 |    32 |    64 ||   143
         Arcjolt           |       |       |       |       |    76 |   168 |   288 |   131 |   181 ||   844
         Dispersal         |       |       |       |       |     1 |       |     1 |     1 |     1 ||     4
         Summon Hydra      |       |       |       |       |       |     5 |    25 |    68 |    35 ||   133
         Summon Cactus Gia |       |       |       |       |       |       |    22 |    60 |    54 ||   136
         Malign Gateway    |       |       |       |       |       |       |     1 |    31 |    47 ||    79
         Haunt             |       |       |       |       |       |       |       |    26 |    74 ||   100
         Infestation       |       |       |       |       |       |       |       |       |    40 ||    40
         Dragon's Call     |       |       |       |       |       |       |       |       |    22 ||    22
 Invoke: Slimify           |       |       |       |       |       |       |     2 |       |       ||     2
  Evoke: Wand              |       |       |       |       |     1 |    21 |     7 |     3 |    20 ||    52
         Condenser vane    |       |       |       |       |       |       |     1 |     1 |     2 ||     4
         Phial of floods   |       |       |       |       |       |       |       |       |     3 ||     3
    Use: Scroll            |       |     1 |     7 |       |    18 |     4 |     2 |     9 |    12 ||    53
         Potion            |       |       |     2 |     2 |     3 |     3 |       |     3 |    25 ||    38
   Stab: Distracted        |       |       |       |     1 |       |     2 |     7 |    13 |    18 ||    41
         Sleeping          |       |       |       |       |     1 |     3 |     3 |     1 |     2 ||    10
         Confused          |       |       |       |       |       |     3 |     6 |     7 |     6 ||    22
 Armour: Robe              |    13 |     6 |    33 |    39 |    89 |       |       |       |       ||   180
         Chain mail        |       |       |       |       |   207 |   890 |   436 |   571 |   860 ||  2964
         Skin              |       |       |       |       |     1 |       |       |       |       ||     1
  Dodge: Dodged            |    10 |     2 |    17 |    32 |   397 |   432 |   424 |   182 |   221 ||  1717
         Repelled          |       |       |       |       |       |       |       |       |     7 ||     7
  Block: Other             |     2 |     2 |     7 |     9 |   103 |   207 |    38 |       |       ||   368
         Reflection        |       |     1 |       |     2 |    11 |     4 |    33 |    39 |    28 ||   118
         Buckler           |       |       |       |       |       |       |   173 |   238 |       ||   411
         Kite shield       |       |       |       |       |       |       |       |   165 |   814 ||   979
